 Dungeon Crawl Stone Soup version 0.30-a0-457-g4b7bca3bfa (webtiles) character file.

Game seed: 8859291636440960927

12358833 ragingrage the Bringer of Light (level 27, 238/238 HPs)
             Began as a Gargoyle Monk on Dec 11, 2022.
             Was the Champion of the Shining One.
             Escaped with the Orb
             ... and 15 runes on Dec 13, 2022!
             The game lasted 03:59:27 (130954 turns).

ragingrage the Bringer of Light (Gargoyle Monk)   Turns: 130954, Time: 03:59:28

Health: 238/238    AC: 58    Str: 37 (43) XL:     27
Magic:  40/40      EV: 22    Int: 18      God:    the Shining One [******]
Gold:   13669      SH: 32    Dex: 20      Spells: 37/52 levels left

rFire   + + .      SeeInvis +    a - +9 broad axe (holy)
rCold   + + +      Faith    .    D - +6 tower shield of the Clam {+Inv rC++ Str+4 Dex+4}
rNeg    + + +      Spirit   .    v - +10 plate armour "Zeghud" {rN+ Regen+ Str+4 Dex+3}
rPois   ∞          Reflect  .    N - +0 mask of the Dragon {Will+ Slay+3 SInv}
rElec   +          Harm     .    U - +2 cloak {rCorr}
rCorr   +          Rampage  .    o - +2 pair of gloves of Coos {rC+ Str+7 Dex-4}
Will    +++++      Rage     3%   h - +0 pair of boots of the Thunderstorm {Int+4}
Stlth   ..........               P - dreamshard necklace {*Dream Drain}
HPRegen 1.39/turn                t - ring "Koepym" {Fire Will+++ Str+4 Int-3}
MPRegen 0.27/turn                I - ring of Xom's Inspiration {rF+ Dex+6}

@: flying, glowing
A: sickness immunity, AC +20, big wings, negative energy resistance 1,
electricity resistance, torment resistance 1, petrification resistance, berserk
1, clever 1, clumsy 1, cold resistance 1, deformed body, passive freeze, robust
2, screaming 1, wild magic 1
0: Orb of Zot
}: 15/15 runes: barnacled, slimy, silver, golden, iron, obsidian, icy, bone,
abyssal, demonic, glowing, magical, fiery, dark, gossamer
a: Renounce Religion, Evoke Invisibility, Divine Shield, Cleansing Flame, Summon
Divine Warrior


You escaped.
You worshipped the Shining One.
The Shining One was exalted by your worship.
You visited 18 branches of the dungeon, and saw 86 of its levels.
You visited Pandemonium 3 times, and saw 17 of its levels.
You visited the Abyss 5 times.
You also visited: Trove, Sewer, Ossuary and Desolation.

You collected 17860 gold pieces.
You spent 4191 gold pieces at shops.

Inventory:

Hand Weapons
 a - a +9 broad axe of holy wrath (weapon)
 b - the +8 hand crossbow of Asceticism {speed, Str-2 Dex+8 SInv}
   (Okawaru gifted it to you on level 15 of the Dungeon)

   Attacks with this weapon are significantly faster.
   Str:       It affects your strength (-2).
   Dex:       It affects your dexterity (+8).
   SInv:      It lets you see invisible.
Missiles
 x - 7 curare-tipped darts
 M - 25 boomerangs
 V - 18 silver javelins
 W - 37 javelins
 Z - 5 throwing nets
Armour
 h - the +0 pair of boots of the Thunderstorm (worn) {Int+4}
   (Okawaru gifted it to you on level 4 of the Vaults)

   Int:       It affects your intelligence (+4).
 o - the +2 pair of gloves of Coos (worn) {rC+ Str+7 Dex-4}
   (You found it in the Desolation of Salt)

   Str:       It affects your strength (+7).
   Dex:       It affects your dexterity (-4).
   rC:        It protects you from cold.
 v - the +10 plate armour "Zeghud" (worn) {rN+ Regen+ Str+4 Dex+3}
   (You found it in Pandemonium)

   Str:       It affects your strength (+4).
   Dex:       It affects your dexterity (+3).
   rN:        It protects you from negative energy.
   Regen:     It increases your rate of health regeneration.
 D - the +6 tower shield of the Clam (worn) {+Inv rC++ Str+4 Dex+4}
   (Okawaru gifted it to you on level 1 of the Depths)

   Str:       It affects your strength (+4).
   Dex:       It affects your dexterity (+4).
   rC:        It greatly protects you from cold.
   +Inv:      It lets you turn invisible.
 N - the +0 mask of the Dragon (worn) {Will+ Slay+3 SInv}
   (You acquired it on level 2 of the Spider Nest)

   Slay:      It affects your accuracy & damage with ranged weapons and melee
   (+3).
   SInv:      It lets you see invisible.
   Will:      It increases your willpower.
 U - a +2 cloak of preservation (worn)
Jewellery
 k - the ring of Utagh {Str+4 Dex+6}
   (You found it in Pandemonium)

   [ring of dexterity]

   Str:       It affects your strength (+4).
   Dex:       It affects your dexterity (+6).
 t - the ring "Koepym" (left hand) {Fire Will+++ Str+4 Int-3}
   (You found it on level 7 of Tartarus)

   [ring of fire]

   It enhances your fire magic.
   Str:       It affects your strength (+4).
   Int:       It affects your intelligence (-3).
   rF:        It protects you from fire.
   rC:        It makes you vulnerable to cold.
   Will:      It greatly increases your willpower.
 I - the ring of Xom's Inspiration (right hand) {rF+ Dex+6}
   (You found it in a treasure trove)

   [ring of protection from fire]

   Dex:       It affects your dexterity (+6).
   rF:        It protects you from fire.
 P - the dreamshard necklace (around neck) {*Dream Drain}
   (You took it off a deep elf high priest on level 5 of the Vaults)

   [amulet of nothing]

   It shatters if its wearer takes lethal or near-lethal damage, preventing the
   blow and releasing protective dreams that heal and fight for the wearer.
   Drain:     It drains your maximum health when unequipped.
 T - the ring "Qetej" {rF+ Str-4 Dex+5 Slay+4}
   (You bought it in a shop on level 1 of the Orcish Mines)

   [ring of slaying]

   Str:       It affects your strength (-4).
   Dex:       It affects your dexterity (+5).
   Slay:      It affects your accuracy & damage with ranged weapons and melee
   (+4).
   rF:        It protects you from fire.
Wands
 f - a wand of quicksilver (28)
 g - a wand of flame (146)
 p - a wand of roots (47)
 F - a wand of charming (17)
 K - a wand of digging (28)
Scrolls
 d - a scroll of enchant weapon
 j - 38 scrolls of teleportation
 m - 4 scrolls of magic mapping
 u - 8 scrolls of fog
 w - 15 scrolls of blinking
 C - 3 scrolls of butterflies
 G - 6 scrolls of fear
 L - 12 scrolls of poison
 Q - 2 scrolls of silence
 Y - 13 scrolls of immolation
Potions
 c - 11 potions of ambrosia
 e - 21 potions of brilliance
 i - 16 potions of attraction
 l - 10 potions of resistance
 n - 21 potions of heal wounds
 q - 5 potions of berserk rage
 r - 16 potions of mutation
 E - 9 potions of might
 H - 8 potions of lignification
 J - 39 potions of curing
 O - 9 potions of cancellation
 R - 4 potions of haste
 X - 12 potions of magic
Miscellaneous
 s - a figurine of a ziggurat
 y - a box of beasts
 z - a phantom mirror
 A - a tin of tremorstones (2/2)
 S - a phial of floods


   Skills:
 O Level 27 Fighting
 - Level 20.0 Axes
 + Level 20.7 Throwing
 O Level 27 Armour
 - Level 20.0 Dodging
 - Level 10.2 Stealth
 + Level 26.3 Shields
 - Level 13.0 Spellcasting
 - Level 16.0 Translocations
 + Level 10.5 Transmutations
 O Level 27 Invocations
 + Level 20.7 Evocations


You had 37 spell levels left.
You knew the following spells:

 Your Spells              Type           Power      Damage    Failure   Level
a - Wereblood             Tmut           59%        N/A       1%          2
b - Blink                 Tloc           100%       N/A       1%          2
c - Manifold Assault      Tloc           74%        N/A       1%          4
d - Passage of Golubria   Tloc           74%        N/A       1%          4
e - Vhi's Electric Charg  Tloc/Air       100%       N/A       3%          3

Your spell library contained the following spells:

 Spells                   Type           Power      Damage    Failure   Level
 Apportation              Tloc           100%       N/A       1%          1
 Beastly Appendage        Tmut           100%       N/A       1%          1
 Momentum Strike          Conj/Tloc      100%       3d10      1%          2
 Gell's Gravitas          Tloc           74%        N/A       1%          3
 Lesser Beckoning         Tloc           100%       N/A       1%          3
 Teleport Other           Tloc           74%        N/A       1%          3
 Sting                    Tmut/Pois      100%       1d8       3%          1
 Portal Projectile        Hex/Tloc       100%       N/A       3%          3
 Passwall                 Tmut/Erth      32%        N/A       4%          2
 Dispersal                Tloc           37%        N/A       5%          6
 Kindle Blastsparks       Fire/Tloc/Air  100%       2d18      8%          3
 Spider Form              Tmut/Pois      39%        N/A       8%          3
 Iskenderun's Mystic Bla  Conj/Tloc      51%        2d11      9%          4
 Blade Hands              Tmut           29%        N/A       9%          5
 Ignite Poison            Fire/Tmut/Pois 47%        N/A       14%         3
 Freeze                   Ice            60%        1d7       21%         1
 Kiss of Death            Conj/Necr      60%        2d10      21%         1
 Magic Dart               Conj           60%        1d6       21%         1
 Necrotise                Necr           60%        1d7       21%         1
 Summon Small Mammal      Summ           60%        N/A       21%         1
 Summon Forest            Summ/Tloc      25%        N/A       21%         5
 Ice Form                 Ice/Tmut       39%        N/A       22%         4
 Petrify                  Tmut/Erth      39%        N/A       22%         4
 Call Imp                 Summ           15%        N/A       30%         2
 Ensorcelled Hibernation  Hex/Ice        30%        N/A       30%         2
 Poisonous Vapours        Pois/Air       30%        N/A       30%         2
 Scorch                   Fire           44%        2d7       30%         2
 Searing Ray              Conj           30%        2d5       30%         2
 Static Discharge         Conj/Air       30%        2-4/arc   30%         2
 Call Canine Familiar     Summ           15%        N/A       47%         3
 Confusing Touch          Hex            15%        N/A       47%         3
 Dazzling Flash           Conj/Hex       30%        N/A       47%         3
 Hailstorm                Conj/Ice       15%        3d5       47%         3
 Inner Flame              Hex/Fire       22%        N/A       47%         3
 Mephitic Cloud           Conj/Pois/Air  15%        N/A       47%         3
 Ozocubu's Armour         Ice            15%        N/A       47%         3
 Stone Arrow              Conj/Erth      30%        3d8       47%         3
 Tukima's Dance           Hex            15%        N/A       47%         3
 Alistair's Intoxication  Tmut/Pois      26%        N/A       50%         5
 Irradiate                Conj/Tmut      19%        3d18      50%         5
 Yara's Violent Unravell  Hex/Tmut       19%        3d9       50%         5
 Disjunction              Tloc           37%        N/A       85%         8
 Anguish                  Hex/Necr       7%         N/A       86%         4
 Animate Armour           Summ/Erth      30%        N/A       86%         4
 Animate Dead             Necr           15%        N/A       86%         4
 Cause Fear               Hex            7%         N/A       86%         4
 Dispel Undead            Necr           15%        3d10      86%         4
 Flame Wave               Conj/Fire      22%        2d8       86%         4
 Fulminant Prism          Conj/Hex       7%         3d7       86%         4
 Leda's Liquefaction      Hex/Erth       7%         N/A       86%         4
 Summon Ice Beast         Ice/Summ       15%        N/A       86%         4
 Summon Lightning Spire   Summ/Air       15%        N/A       86%         4
 Dragon Form              Tmut           29%        N/A       89%         7
 Eringya's Noxious Bog    Tmut/Pois      19%        N/A       96%         6
 Agony                    Necr           15%        N/A       99%         5
 Arcjolt                  Conj/Air       7%         1d17      99%         5
 Borgnjor's Vile Clutch   Necr/Erth      7%         N/A       99%         5
 Fireball                 Conj/Fire      11%        3d7       99%         5
 Freezing Cloud           Conj/Ice/Air   7%         6-21      99%         5
 Iskenderun's Battlesphe  Conj           15%        2d7       99%         5
 Lee's Rapid Deconstruct  Erth           7%         3d7*      99%         5
 Lightning Bolt           Conj/Air       7%         1d20      99%         5
 Metabolic Englaciation   Hex/Ice        7%         N/A       99%         5
 Silence                  Hex/Air        7%         N/A       99%         5
 Summon Mana Viper        Hex/Summ       15%        N/A       99%         5
 Conjure Ball Lightning   Conj/Air       7%         3x3d7     100%        6
 Iron Shot                Conj/Erth      7%         9d2       100%        6
 Simulacrum               Ice/Necr       7%         N/A       100%        6
 Starburst                Conj/Fire      11%        6d5       100%        6
 Summon Cactus Giant      Summ           7%         N/A       100%        6
 Enfeeble                 Hex            7%         N/A       100%        7
 Haunt                    Necr/Summ      7%         N/A       100%        7
 Monstrous Menagerie      Summ           7%         N/A       100%        7
 Orb of Destruction       Conj           7%         9d6       100%        7
 Spellforged Servitor     Conj/Summ      7%         N/A       100%        7
 Storm Form               Tmut/Air       19%        N/A       100%        7
 Discord                  Hex            7%         N/A       100%        8
 Lehudib's Crystal Spear  Conj/Erth      7%         10d3      100%        8
 Maxwell's Capacitive Co  Air            7%         ∞         100%        8
 Chain Lightning          Conj/Air       7%         3d10      100%        9
 Death's Door             Necr           7%         N/A       100%        9
 Dragon's Call            Summ           7%         N/A       100%        9
 Polar Vortex             Ice            7%         N/A       100%        9
 Cigotuvi's Dreadful Rot  Necr/Pois/Air  Unusable   N/A       N/A         2
 Sublimation of Blood     Necr           Unusable   N/A       N/A         2
 Statue Form              Tmut/Erth      Unusable   N/A       N/A         6

Dungeon Overview and Level Annotations

Branches:
Dungeon (15/15)            Temple (1/1) D:7            Lair (5/5) D:11
 Shoals (4/4) Lair:2       Spider (4/4) Lair:3        Slime (5/5) Lair:5
    Orc (2/2) D:10            Elf (3/3) Orc:2        Vaults (5/5) D:14
  Crypt (3/3) Vaults:2       Tomb (3/3) Crypt:3      Depths (4/4) D:15
   Hell (visited)             Dis (7/7) Hell            Geh (7/7) Hell
    Coc (7/7) Hell            Tar (7/7) Hell            Zot (5/5) Depths:4
  Sewer (visited)         Ossuary (visited)         Desolation (visited)

Altars:
Ashenzari
Cheibriados
Dithmenos
Elyvilon
Fedhas
Gozag
Hepliaklqana
Kikubaaqudgha
Makhleb
Nemelex Xobeh
Okawaru
Qazlal
Ru
Sif Muna
Trog
Uskayaw
Vehumet
Wu Jian
Xom
Yredelemnul
Zin
The Shining One
Jiyva

Shops:
D:7 :   D:8 !   D:15 (   Orc:1 =   Orc:2 :(((   Shoals:1 (   Shoals:2 *
Vaults:1 [   Vaults:2 [*   Vaults:5 :   Depths:1 *

Portals:
Hell: Depths:1 Depths:2 Depths:3 Depths:4
Abyss: Depths:3
Pandemonium: Depths:2
Ziggurat: Depths:4

Annotations:
Shoals:2 4 transporters


Innate Abilities, Weirdness & Mutations

You are immune to sickness and miasma.
Your stone body is resilient. (AC +20)
You are immune to poison.
Your large and strong wings let you fly.
You resist negative energy. (rN+)
You are resistant to electric shocks. (rElec)
You are resistant to unholy torment.
You are immune to petrification.
You sometimes lose your temper in combat.
Your mind is acute. (Int +4, Str/Dex -1)
You are clumsy. (Dex -2)
Your flesh is cold resistant. (rC+)
Armour fits poorly on your strangely shaped body.
A frigid envelope surrounds you and freezes all who hurt you.
You are very robust. (+20% HP)
You occasionally shout uncontrollably at your foes.
Your spells are a little harder to cast, but a little more powerful.


Message History

The shadow demon is almost dead.
You slash the orc!
You kill the orc!
The orc's corpse dissolves into shadows!
The shadow demon gestures.
You chop the shadow demon into pieces!!!
You kill the shadow demon!
The Shining One accepts your kill.
The dart slug dissolves into shadows!
The bat dissolves into shadows! x2
The orc dissolves into shadows! x2
No target in view!
(D) Dungeon (T) Temple (L) Lair (A) Shoals (N) Spider Nest (M) Slime Pits (O) Orcish Mines (E) Elven Halls (V) Vaults (C) Crypt (W) Tomb (U) Depths (H) Hell (I) Dis (G) Gehenna (X) Cocytus (Y) Tartarus (Z) Zot
Where to? (Enter - D:1 @ (x,y), ? - help)
There is a stone staircase leading up here.
You fly upwards.
There is a stone staircase leading down here.
There is a stone staircase leading up here.
You fly upwards.
There is a stone staircase leading down here.
A hell hog comes into view.
The hell hog squeals angrily.
The hell hog moves out of view.
A hell hog comes into view.
The hell hog breathes fire at you.
The fireball explodes!
The fireball engulfs you but does no damage.
You see here a +0 robe.
The hell hog breathes fire at you.
The fireball explodes!
The fireball engulfs you. You resist.
A hell hog comes into view.
The hell hog squeals angrily.
There is a staircase leading out of the dungeon here.
The hell hog breathes fire at you.
The fireball explodes!
The fireball engulfs you but does no damage.
You have escaped!

.......##### ### ###
####....##. .####.#..##
##...##.##. .# #.#...#
######### #...###.##. .#
#.....###...8...###...###.##.
.#
##....##..8...8..##....##.##.
.#
#....#8.........8#..........
.#
##...[..8..(..8[h....###.###
.# #...#8.......h.8#...###.#
.# #...##..8.@.8..##.......#
.# #...###...8...###...#####
## #...# ######### #...#
#..## ##..# #### ### ### ####
#.# #.# #.# #.# #.# #.# #.#
#.#


You could see 2 hell hogs.

Vanquished Creatures
  Cerebov (Pan)
  Antaeus (Coc:7)
  Ignacio (Pan)
  the Royal Jelly (Slime:5)
  A seraph (Pan)
  Dissolution (Slime:1)
  Gloorx Vloq (Pan)
  the Serpent of Hell (Tar:7)
  Mnoleg (Pan)
  Lom Lobon (Pan)
  Dispater (Dis:7)
  8 dread liches
  9 ancient liches
  Khufu (Crypt:3)
  4 juggernauts
  2 orbs of fire (Zot:5)
  6 pandemonium lords
  26 royal mummies
  3 Killer Klowns (Zot:5)
  21 shard shrikes
  Parghit (Zot:1)
  Xtahua (Depths:3)
  23 caustic shrikes
  Geryon (Hell)
  Nikola (Arena)
  12 golden dragons
  4 curse toes
  23 profane servitors
  the Enchantress (Depths:4)
  2 pearl dragons (Pan)
  23 bone dragons
  7 doom hounds
  15 Brimstone Fiends
  4 electric golems
  A spectral shard shrike (Tar:3)
  20 iron giants
  18 Tzitzimimeh
  12 tentacled monstrosities
  Jorgrun (Lair:3)
  27 searing wretches
  12 hellephants
  17 Ice Fiends
  3 walking earthen tomes (Depths:4)
  Zenata (Vaults:1)
  26 Hell Sentinels
  2 walking crystal tomes (Depths:4)
  29 titans
  26 Orb Guardians
  Mlioglotl (Shoals:1)
  7 liches
  19 tainted leviathans
  4 walking frostbound tomes (Depths:4)
  A walking divine tome (Depths:4)
  8 deep elf master archers
  7 quicksilver dragons
  24 ancient champions
  8 deep elf blademasters
  2 krakens
  26 acid blobs
  Polyphemus (Shoals:4)
  22 Executioners (Pan)
  4 death cobs
  16 sphinxes
  22 storm dragons
  Kirke (Lair:4)
  2 tentacled starspawn (Abyss:3)
  9 shadow dragons
  12 tengu reavers
  8 draconian monks
  A revenant (Crypt:3)
  6 draconian knights
  Ilsuiw (Shoals:2)
  29 fire giants
  20 azure jellies
  Roxanne (D:14)
  6 demonspawn warmongers (Pan)
  7 narguns
  17 daevas (Pan)
  11 rockslimes
  15 cacodemons
  4 emperor scorpions
  6 deep elf sorcerers
  16 frost giants
  10 vault wardens
  3 iron dragons
  3 ghouls
  19 quicksilver elementals
  Aizul (Shoals:2)
  Louise (Elf:1)
  11 ghost moths
  19 ironbound preservers
  43 balrugs
  A caustic shrike zombie (Crypt:2)
  4 curse skulls
  7 draconian scorchers
  28 angels (Pan)
  2 spectral juggernauts (Tar:1)
  6 draconian stormcallers
  3 draconian shifters
  4 imperial myrmidons (Desolation)
  4 shard shrike simulacra
  10 quicksilver oozes
  2 orc warlords (Orc:2)
  4 spriggan defenders (Depths:4)
  A deep elf elementalist (Elf:3)
  24 very ugly things
  7 draconian annihilators
  5 demonspawn blood saints (Pan)
  9 ironbound thunderhulks
  3 broodmothers
  29 stone giants
  4 juggernaut skeletons
  6 demonspawn corrupters (Pan)
  8 bennus
  25 war gargoyles
  23 reapers
  The ghost of Depoub the Warrior, a journeyman OgIE of Okawaru (Lair:4)
  A caustic shrike skeleton (Crypt:2)
  22 elemental wellsprings
  8 deep elf demonologists
  20 ophanim (Pan)
  17 lorocyprocas
  12 green draconians
  30 apis (Pan)
  6 vampire knights
  4 demonspawn black suns (Pan)
  30 putrid mouths
  8 deep elf annihilators
  20 spark wasps
  2 halazid warlocks (Desolation)
  12 white draconians
  13 wendigos
  A spectral titan (Tar:1)
  17 black draconians
  11 red draconians
  9 yellow draconians
  A minotaur (Lair:2)
  34 blizzard demons
  The ghost of Jackthecabe the Destroyer, a journeyman DgCj (Lair:2)
  12 purple draconians
  18 iron golems
  An eidolon (Tar:2)
  Snorg (D:14)
  16 fire dragons
  A crystal guardian (Desolation)
  5 deep elf death magi
  4 dire elephants (Vaults:3)
  2 spectral golden dragons (Tar:2)
  9 merfolk impalers
  Josephine (Lair:3)
  13 green deaths
  21 jiangshi
  23 mummy priests
  3 spriggan zombies
  10 entropy weavers
  3 spectral quicksilver dragons
  7 merfolk javelineers
  8 ettins
  16 yaktaur captains
  8 rakshasas
  10 great orbs of eyes
  8 ragged hierophants (Desolation)
  8 deep elf high priests
  30 vault guards
  6 juggernaut simulacra
  2 spectral spriggans
  13 salamander tyrants
  14 ice dragons
  5 servants of whispers (Desolation)
  4 hell beasts
  3 ogre magi
  4 peacekeepers (Desolation)
  10 spriggan air magi
  2 spriggan skeletons
  7 hydras
  4 jorogumos
  Erica (Orc:1)
  2 catoblepae
  An alligator snapping turtle (Shoals:1)
  9 caustic shrike simulacra
  12 ironbound frosthearts
  The ghost of Kuuciris the Fencer, a journeyman DgGl (Lair:1)
  4 merfolk avatars
  12 stokers
  10 deep troll shamans
  6 boulder beetles
  6 merfolk aquamancers
  6 death knights
  21 centaur warriors
  6 tengu warriors
  3 radroaches
  11 two-headed ogres
  45 death scarabs
  2 satyrs (Shoals:3)
  A spectral draconian (Crypt:3)
  The ghost of indyram44 the Summoner, a novice HOSu of Fedhas (D:8)
  An anaconda (shapeshifter) (Vaults:5)
  21 dancing weapons
  10 death yaks
  5 thrashing horrors
  A shock serpent (shapeshifter) (Depths:4)
  7 deep troll earth magi
  Urug (Lair:5)
  27 hell hogs
  Nergalle (D:10)
  8 vampire magi
  29 deep elf knights
  2 spectral nagas
  6 spriggan berserkers (Depths:4)
  6 wretched stars
  28 hell knights
  20 soul eaters
  17 crystal echidnas
  63 sun demons
  5 titan skeletons
  3 pharaoh ants
  2 spatial maelstroms (Abyss:3)
  5 iron trolls
  5 glowing orange brains
  15 sixfirhies
  23 skeletal warriors
  A spectral bunyip (Tar:1)
  A spark wasp zombie (Depths:3)
  11 sea snakes
  20 cherubim (Pan)
  6 quicksilver dragon simulacra
  18 shadow wraiths
  A salamander mystic (Depths:1)
  5 steelbarb worms
  8 flayed ghosts
  6 orb spiders
  49 deep trolls
  A spectral anaconda (Tar:3)
  An anaconda zombie (Hell)
  A golden dragon skeleton (Geh:2)
  13 deep elf archers
  19 ironbound convokers
  11 spriggan simulacra
  8 shadow demons
  A fenstrider witch simulacrum (Coc:1)
  An orange crystal statue (Zot:5)
  3 spectral iron dragons
  A spectral jorogumo (Spider:4)
  3 spectral wolf spiders (Spider:4)
  3 anaconda skeletons
  2 bunyip skeletons
  10 phantasmal warriors
  8 lindwurms
  13 wizards
  32 deep elf pyromancers
  An orc knight (D:15)
  A wolf spider zombie (Spider:4)
  A tengu zombie (Depths:3)
  31 deep elf zephyrmancers
  18 necromancers
  A mana viper (Abyss:3)
  45 harpies
  A frost giant zombie (Depths:2)
  3 salamanders (Depths:1)
  17 wolf spiders
  A wolf spider (shapeshifter) (Vaults:5)
  19 ugly things
  11 fauns
  Maurice (Orc:1)
  4 orc sorcerers
  13 cyclopes
  9 shining eyes
  A tengu skeleton (D:15)
  32 moths of wrath
  A fire giant zombie (D:15)
  2 spectral ettins
  12 molten gargoyles
  2 worldbinders
  15 manticores
  13 vault sentinels
  15 elephants
  8 ice statues
  9 titan simulacra
  5 black mambas
  4 stone giant skeletons
  4 guardian serpents
  2 fire giant skeletons
  10 merfolk sirens
  4 eyes of devastation
  11 cane toads
  7 rust devils
  A white draconian zombie (Crypt:1)
  3 water nymphs
  6 torpor snails
  25 hellions
  A torpor snail (shapeshifter) (Vaults:5)
  21 orange demons
  4 spectral redbacks (Spider:4)
  2 unseen horrors
  A gargoyle (D:11)
  30 smoke demons
  A rime drake (Lair:4)
  10 efreet (Pan)
  22 hellwings
  8 spectral swamp worms (Tar:7)
  An unseen horror (shapeshifter) (D:15)
  29 demonic crawlers
  26 yaktaurs
  2 redback zombies (Spider:4)
  25 tormentors
  11 freezing wraiths
  5 tengu conjurers
  2 bunyip simulacra
  An iron giant simulacrum (Coc:2)
  2 spectral harpies
  3 golden dragon simulacra
  5 ice devils (Pan)
  8 anaconda simulacra
  7 red devils
  12 komodo dragons
  4 ancient zymes (Abyss:3)
  A silent spectre (Tar:3)
  2 yaktaur skeletons (Vaults:3)
  16 tarantellas
  32 merfolk
  4 sea snake skeletons
  3 polar bears
  17 trolls
  A harpy zombie (Tomb:2)
  15 meliai
  44 guardian mummies
  The ghost of lotum the Chopper, an amateur FoFi (D:4)
  Grinder (D:5)
  A culicivora zombie (Spider:4)
  3 hornets
  A hydra skeleton (Hell)
  5 spectral jumping spiders (Spider:4)
  A polar bear (shapeshifter) (D:14)
  A tarantella (shapeshifter) (D:14)
  86 slime creatures
  21 wind drakes
  2 spectral tarantellas (Spider:4)
  2 harpy skeletons
  A tarantella zombie (Spider:4)
  42 saltlings (Desolation)
  5 snapping turtles
  Prince Ribbit (D:4)
  7 blink frogs
  15 raiju
  2 iron dragon simulacra
  2 ettin zombies
  14 dream sheep
  A merfolk zombie (Geh:2)
  3 spriggans (Depths:4)
  A frost giant simulacrum (Depths:3)
  5 shadows
  A stone giant simulacrum (Coc:2)
  4 air elementals
  A centaur simulacrum (Coc:1)
  An ice dragon skeleton (Crypt:1)
  15 starcursed masses
  26 water elementals
  25 culicivoras
  62 flying skulls
  2 ettin skeletons
  27 jumping spiders
  19 ynoxinuls
  A wind drake zombie (Crypt:2)
  6 wyverns
  4 naga simulacra
  A yak (shapeshifter) (D:15)
  29 ushabtiu
  2 fire elementals
  65 yaks
  9 wraiths
  6 dire elephant simulacra
  14 neqoxecs
  A hog (Lair:4)
  23 humans
  A golden eye (shapeshifter) (Vaults:5)
  6 golden eyes
  7 basilisks
  4 steam dragons
  An elf skeleton (Vaults:3)
  5 spatial vortices (Abyss:3)
  57 redbacks
  A redback simulacrum (D:14)
  2 vampire mosquitoes (D:14)
  A swamp worm (shapeshifter) (Vaults:5)
  A wind drake skeleton (Crypt:1)
  A deep troll zombie (Crypt:1)
  18 chaos spawn
  A warg (D:15)
  7 harpy simulacra
  Edmund (D:5)
  A human zombie (D:15)
  8 hell hounds
  An acid dragon (shapeshifter) (Depths:3)
  5 acid dragons
  A hydra simulacrum (Hell)
  A floating eye (Slime:2)
  18 water moccasins
  43 large abominations
  24 orc warriors
  A swamp drake (Lair:2)
  10 black bears
  3 sky beasts (D:7)
  2 ettin simulacra
  21 ogres
  A tengu (shapeshifter) (Depths:3)
  An alligator simulacrum (Hell)
  5 boggarts
  15 centaurs
  22 wolves
  A kobold brigand (D:9)
  6 necrophages
  6 scorpions
  8 bullfrogs
  A gnoll sergeant (D:11)
  4 earth elementals
  An ogre simulacrum (Vaults:3)
  18 wights
  6 killer bees
  16 small abominations
  An oklob sapling (D:7)
  A shapeshifter skeleton (Crypt:2)
  2 howler monkeys
  3 electric eels
  10 lava snakes
  2 quasits (Abyss:3)
  A bullfrog zombie (Crypt:1)
  4 centaur zombies
  9 crimson imps
  A basilisk zombie (Crypt:1)
  3 hounds
  2 jellies
  13 orc priests
  An iron imp (Abyss:3)
  A human skeleton (Crypt:2)
  An iguana (D:7)
  23 orc wizards
  14 hell rats
  A statue (D:6)
  2 naga skeletons
  65 mummies
  A howler monkey zombie (D:9)
  11 gnolls
  4 adders
  5 river rats
  A shadow imp (D:8)
  2 white imps
  2 ufetubi
  3 worms
  3 dart slugs
  70 orcs
  4 ball pythons
  5 bats
  A bat skeleton (Crypt:1)
  4 endoplasms
  3 giant cockroaches
  6 goblins
  5 hobgoblins
  4 jackals (D:2)
  5 quokkas
  4 frilled lizards
  2 gnoll skeletons (Ossuary)
  2 goblin skeletons (Ossuary)
  11 kobolds
  2 kobold skeletons (Ossuary)
  2 orc skeletons (Ossuary)
  14 rats
  12 rat skeletons
  4 ball lightnings (Pan)
  8 creeping infernos
  39 fire vortices
  3 starspawn tentacles (Abyss:3)
  7 tentacles
4485 creatures vanquished.

Vanquished Creatures (collateral kills)
  Asmodeus (Geh:7)
  Ereshkigal (Tar:7)
  A dread lich (Tar:2)
  Mennas (Pan)
  A royal mummy (Tomb:3)
  2 shard shrikes
  3 caustic shrikes
  2 bone dragons
  3 profane servitors (Tar:7)
  A Brimstone Fiend (Pan)
  An iron giant (Dis:7)
  A Hell Sentinel (Dis:7)
  A tentacled monstrosity (Pan)
  4 tainted leviathans
  2 Ice Fiends
  A deep elf master archer (Abyss:4)
  A titan (Crypt:3)
  3 ancient champions (Tar:2)
  2 daevas (Pan)
  A nargun (Coc:6)
  A quicksilver elemental (Dis:5)
  A fire giant (Crypt:3)
  5 cacodemons (Pan)
  A frost giant (Abyss:4)
  A caustic shrike skeleton (Hell)
  A war gargoyle (Dis:5)
  An ophan (Pan)
  A reaper (Pan)
  A very ugly thing (Abyss:4)
  3 elemental wellsprings (Coc:6)
  2 putrid mouths (Tar:7)
  2 apis (Pan)
  2 wendigos (Coc:3)
  A green death (Pan)
  4 mummy priests
  An ice dragon (Coc:7)
  A juggernaut simulacrum (Coc:6)
  A hell knight (Hell)
  A soul eater (Pan)
  2 sun demons (Hell)
  6 sixfirhies (Pan)
  A crystal echidna (Dis:7)
  A wretched star (Abyss:4)
  A spectral bunyip (Tar:2)
  A cherub (Pan)
  A spectral centaur (Tar:2)
  2 ice statues (Coc:3)
  A titan simulacrum (Coc:3)
  2 spectral swamp worms (Tar:7)
  11 orange demons (Pan)
  A dire elephant skeleton (Hell)
  An ice devil (Pan)
  6 guardian mummies
  An anaconda simulacrum (Coc:7)
  2 tormentors
  A queen bee (Abyss:4)
  2 flying skulls (Crypt:3)
  2 ynoxinuls (Pan)
  A dire elephant simulacrum (Coc:6)
  2 chaos spawn (Pan)
  2 large abominations (Pan)
  9 neqoxecs (Pan)
  A hydra simulacrum (Coc:3)
  A mummy (Tomb:2)
  A white imp (Abyss:4)
  2 ball lightnings (Pan)
  A lurking horror (Abyss:4)
129 creatures vanquished.

Vanquished Creatures (others)
  A shard shrike (Coc:7)
  A golden dragon (Depths:4)
  2 fire giants
  A balrug (Pan)
  A demonspawn warmonger (Pan)
  4 shard shrike simulacra
  A reaper (Pan)
  Nessos (D:15)
  A blizzard demon (Pan)
  A wendigo (Coc:7)
  A deep elf high priest (Elf:3)
  4 caustic shrike simulacra (Coc:7)
  A deep elf knight (Elf:2)
  A quicksilver dragon simulacrum (Coc:7)
  An ironbound convoker (Vaults:1)
  2 wizards
  A spriggan simulacrum (Coc:7)
  A deep elf zephyrmancer (Elf:3)
  A harpy (Shoals:4)
  A rust devil (Hell)
  A dire elephant zombie (Tomb:3)
  A smoke demon (Pan)
  A tormentor (Pan)
  A red devil (Pan)
  A wind drake (Pan)
  A flying skull (Tomb:3)
  A yak (D:9)
  A chaos spawn (Pan)
  A dire elephant simulacrum (Coc:7)
  A neqoxec (Pan)
  2 harpy simulacra (Coc:7)
  2 boggarts (Vaults:2)
  An ettin simulacrum (Coc:7)
  An orc wizard (Orc:1)
  A white imp (Abyss:3)
  13 ball lightnings (Pan)
  2 creeping infernos
  A fire vortex (Geh:2)
  35 fungi
  2 lurking horrors
  177 plants
  3 starspawn tentacles
  13 tentacles
  4 withered plants (D:15)
295 creatures vanquished.

Grand Total: 4909 creatures vanquished

Notes
Turn   | Place    | Note
-------+----------+-------------------------------------------
     0 | D:1      | ragingrage the Gargoyle Monk began the quest for the Orb.
     0 | D:1      | Reached XP level 1. HP: 14/14 MP: 1/1
   134 | D:1      | Reached XP level 2. HP: 19/19 MP: 2/2
   384 | D:1      | Reached XP level 3. HP: 23/23 MP: 3/3
  1508 | D:3      | Reached XP level 4. HP: 28/28 MP: 4/4
  1508 | D:3      | Found a faded altar of an unknown god.
  1674 | D:3      | Found a glowing drain.
  1731 | Sewer    | Entered a sewer
  2055 | D:3      | Reached skill level 5 in Axes
  2055 | D:3      | Reached XP level 5. HP: 19/32 MP: 5/5
  2182 | D:3      | You fall into a shaft and drop 2 floors!
  2182 | D:5      | Entered Level 5 of the Dungeon
  2189 | D:5      | Noticed Prince Ribbit
  2259 | D:4      | Found a hide-covered altar of Uskayaw.
  2259 | D:4      | Noticed a +0 spear
  2260 | D:4      | Noticed a +0 short sword
  2260 | D:4      | Noticed a +0 dagger
  2261 | D:4      | Noticed a +0 short sword
  2261 | D:4      | Noticed a +0 spear
  2261 | D:4      | Noticed a +0 dagger
  2263 | D:4      | Noticed a +0 falchion
  2343 | D:4      | Found a runed translucent door.
  2362 | D:4      | Found a runed translucent door.
  2378 | D:4      | Noticed lotum's ghost (amateur FoFi)
  2523 | D:4      | Reached XP level 6. HP: 22/37 MP: 6/6
  2734 | D:4      | Noticed a +0 falchion
  3900 | D:5      | Found a sparkling altar of Nemelex Xobeh.
  3900 | D:5      | Found a blossoming altar of Fedhas.
  3901 | D:5      | Found a broken altar of Ashenzari.
  4192 | D:5      | Reached XP level 7. HP: 34/41 MP: 7/7
  4582 | D:5      | Noticed Grinder
  4799 | D:6      | Found a radiant altar of Vehumet.
  4862 | D:6      | Noticed a two-headed ogre
  4875 | D:5      | Paralysed by Grinder for 4 turns
  4884 | D:5      | Paralysed by Grinder for 3 turns
  4891 | D:5      | Killed Grinder
  4892 | D:5      | Reached XP level 8. HP: 30/46 MP: 8/8
  5331 | D:5      | Noticed Edmund
  5334 | D:5      | Gained mutation: You are agile. (Dex +4, Str/Int -1)
                  | [potion of mutation]
  5351 | D:5      | Killed Edmund
  6483 | D:7      | Reached skill level 10 in Axes
  6693 | D:6      | Reached XP level 9. HP: 35/51 MP: 9/9
  7427 | D:7      | Found Ugryu's Book Emporium.
  7496 | D:7      | Found a staircase to the Ecumenical Temple.
  7521 | Temple   | Entered the Ecumenical Temple
  7702 | Temple   | Became a worshipper of Warmaster Okawaru
  7702 | Temple   | Reached * piety under Okawaru
  7702 | Temple   | Reached ** piety under Okawaru
  8272 | D:8      | Found a transporter.
  8275 | D:8      | Noticed indyram44's ghost (novice HOSu)
  8501 | D:8      | Found Fiej's Distillery.
  8565 | D:8      | Found a sand-covered staircase.
  8631 | Ossuary  | Entered an ossuary
  9123 | D:8      | Noticed a moth of wrath
  9512 | D:8      | Reached XP level 10. HP: 33/56 MP: 8/10
  9681 | D:8      | Bought a potion of lignification for 33 gold pieces
  9681 | D:8      | Bought 2 potions of curing for 66 gold pieces
  9681 | D:8      | Bought a potion of heal wounds for 55 gold pieces
  9703 | D:8      | Found a transporter.
  9826 | D:8      | Found a bloodstained altar of Trog.
  9923 | D:9      | Reached skill level 1 in Invocations
 10015 | D:9      | Reached *** piety under Okawaru
 10509 | D:9      | Reached **** piety under Okawaru
 10663 | D:10     | Entered Level 10 of the Dungeon
 11057 | D:11     | Noticed a cyclops
 11060 | D:11     | HP: 1/56 [cyclops/large rock (35)]
 11267 | D:11     | Killed a cyclops
 11594 | D:11     | Reached XP level 11. HP: 38/60 MP: 13/13
 11763 | D:11     | Noticed a boulder beetle
 11791 | D:11     | Killed a boulder beetle
 11792 | D:11     | Reached skill level 15 in Axes
 12491 | D:11     | Found a staircase to the Lair.
 12517 | D:11     | Reached ***** piety under Okawaru
 12694 | D:11     | Noticed a cyclops
 12710 | D:11     | Killed a cyclops
 13451 | D:10     | Found a glowing silver altar of Zin.
 13872 | D:10     | Found a shadowy altar of Dithmenos.
 13891 | D:10     | Found a white marble altar of Elyvilon.
 14007 | D:10     | Found a staircase to the Orcish Mines.
 14088 | D:10     | Found a snail-covered altar of Cheibriados.
 14635 | D:12     | Reached skill level 5 in Fighting
 15450 | D:12     | Noticed a cyclops
 15457 | D:12     | Killed a cyclops
 15562 | D:12     | Noticed a two-headed ogre
 15569 | D:12     | Killed a two-headed ogre
 15886 | D:13     | Noticed a cyclops
 15899 | D:13     | Killed a cyclops
 16071 | D:13     | Noticed a centaur warrior
 16110 | D:13     | Killed a centaur warrior
 16243 | D:13     | Reached XP level 12. HP: 36/73 MP: 14/14
 16517 | D:13     | Noticed a centaur warrior
 16524 | D:13     | Killed a centaur warrior
 16524 | D:13     | Received a gift from Okawaru
 16575 | D:13     | Found a sacrificial altar of Ru.
 16776 | D:13     | Reached skill level 1 in Armour
 16782 | D:13     | Reached skill level 1 in Shields
 16785 | D:13     | Received a gift from Okawaru
 17270 | D:14     | Noticed a boulder beetle
 17288 | D:14     | Killed a boulder beetle
 17289 | D:14     | Reached skill level 1 in Evocations
 17418 | Lair:1   | Entered Level 1 of the Lair of Beasts
 17554 | Lair:1   | Reached ****** piety under Okawaru
 17736 | Lair:1   | Noticed a four-headed hydra
 17736 | Lair:1   | Noticed Kuuciris's ghost (journeyman DgGl)
 17829 | Lair:1   | Found a runed translucent gate.
 17829 | Lair:1   | Found a runed translucent gate.
 17829 | Lair:1   | Found a runed translucent gate.
 17949 | Lair:1   | Identified the +7 dagger of the Bedazzling Priest {vorpal,
                  | Contam rF+ rN+++ SInv}
 18514 | Lair:2   | Noticed Maggie
 18517 | Lair:2   | Maggie changed into Maggie the swamp drake
 18517 | Lair:2   | Noticed Maggie
 18525 | Lair:2   | Killed Maggie the swamp drake
 18803 | Lair:2   | Identified the +8 mace "Zeupuba" {flame, rElec rCorr Int-2
                  | Stlth+} (Okawaru gifted it to you on level 2 of the Lair of
                  | Beasts)
 18803 | Lair:2   | Received a gift from Okawaru
 18946 | Lair:2   | Found a staircase to the Shoals.
 19034 | Lair:2   | Noticed a six-headed hydra
 19131 | Lair:2   | Killed a two-headed hydra
 19132 | Lair:2   | Reached skill level 5 in Armour
 19132 | Lair:2   | Reached skill level 5 in Shields
 19132 | Lair:2   | Reached XP level 13. HP: 81/81 MP: 16/16
 19153 | Lair:2   | Found a runed translucent gate.
 19154 | Lair:2   | Found a runed translucent gate.
 19163 | Lair:2   | Noticed a minotaur
 19163 | Lair:2   | Noticed Jackthecabe's ghost (journeyman DgCj)
 19410 | Lair:2   | Found a runed translucent gate.
 19530 | Lair:2   | Reached skill level 5 in Invocations
 19820 | Lair:2   | Identified the +1 chain mail of Okawaru's Reproof {rC+}
                  | (Okawaru gifted it to you on level 2 of the Lair of Beasts)
 19820 | Lair:2   | Received a gift from Okawaru
 20436 | Lair:3   | Reached skill level 10 in Fighting
 21720 | Lair:3   | Found a hole to the Spider Nest.
 22041 | Lair:3   | Noticed Josephine
 22304 | Lair:3   | Killed Josephine
 22464 | Lair:3   | Identified the +2 rapier "Foladd" {vorpal, Int+3}
 22842 | Lair:4   | Received a gift from Okawaru
 22870 | Lair:4   | You fall into a shaft and drop 1 floor!
 22870 | Lair:5   | Entered Level 5 of the Lair of Beasts
 22885 | Lair:5   | Gained mutation: Your large and strong wings let you fly.
                  | [Gargoyle growth]
 22885 | Lair:5   | Reached XP level 14. HP: 88/88 MP: 18/18
 22894 | Lair:5   | Noticed Urug
 24050 | Lair:5   | Found a viscous altar of Jiyva.
 24051 | Lair:5   | Found a staircase to the Slime Pits.
 24533 | Lair:5   | Found a large runed translucent door.
 24533 | Lair:5   | Found a large runed translucent door.
 24696 | Lair:5   | Killed Urug
 25008 | Lair:4   | Received a gift from Okawaru
 25313 | Lair:4   | Reached skill level 5 in Evocations
 25800 | Lair:4   | Found a runed translucent gate.
 25801 | Lair:4   | Found a runed translucent gate.
 25821 | Lair:4   | Found a runed translucent gate.
 26008 | Lair:4   | Noticed an acid blob
 26009 | Lair:4   | Noticed an acid blob
 26009 | Lair:4   | Noticed an acid blob
 26009 | Lair:4   | Noticed a rockslime
 26009 | Lair:4   | Noticed an acid blob
 26009 | Lair:4   | Noticed Depoub's ghost (journeyman OgIE)
 26009 | Lair:4   | Noticed an azure jelly
 26009 | Lair:4   | Noticed an azure jelly
 26011 | Lair:4   | Found a viscous altar of Jiyva.
 26598 | Lair:4   | Received a gift from Okawaru
 26672 | Lair:5   | Noticed Kirke
 26779 | Lair:4   | Reached skill level 10 in Armour
 26855 | Lair:5   | Reached skill level 10 in Shields
 26991 | Lair:4   | Killed Kirke
 27196 | Lair:4   | Reached XP level 15. HP: 87/92 MP: 20/20
 27848 | D:9      | Found a basalt altar of Yredelemnul.
 28676 | D:4      | Killed Prince Ribbit
 28692 | D:4      | Killed lotum's ghost
 28902 | D:8      | Identified the +5 chain mail of the Thirteen Ziggurats
                  | {Harm Fly rF+ Stlth+} (Okawaru gifted it to you on level 8
                  | of the Dungeon)
 28902 | D:8      | Received a gift from Okawaru
 28915 | D:8      | Killed indyram44's ghost
 28922 | D:8      | Identified the amulet "Ipnedes" {Reflect Regen+ Int+4 SH+5}
 29063 | Orc:1    | Entered Level 1 of the Orcish Mines
 29063 | Orc:1    | Noticed Nergalle
 29086 | D:10     | Killed Nergalle
 29206 | Orc:1    | Reached skill level 1 in Throwing
 29297 | Orc:1    | Noticed Erica
 29310 | Orc:1    | Killed Erica
 29395 | Orc:2    | Entered Level 2 of the Orcish Mines
 29395 | Orc:2    | Noticed an orc warlord
 29999 | Orc:1    | Found Xuenov's Jewellery Emporium.
 30046 | Orc:1    | Noticed Maurice
 30060 | Orc:1    | Killed Maurice
 30276 | Orc:2    | Found a staircase to the Elven Halls.
 30304 | Orc:2    | Noticed an orc warlord
 30326 | Orc:2    | Killed an orc warlord
 31129 | Orc:2    | Killed an orc warlord
 31327 | Orc:2    | Found Amnykhal's Book Boutique.
 31668 | Orc:2    | Found Mefacof's Antique Weapon Boutique.
 31678 | Orc:2    | Found Sugump's Antique Weapon Shoppe.
 31701 | Orc:2    | Identified the +8 plate armour "Anniejia" {Dex+3} (Okawaru
                  | gifted it to you on level 2 of the Orcish Mines)
 31701 | Orc:2    | Received a gift from Okawaru
 31721 | Orc:2    | Bought a pitted triple crossbow for 330 gold pieces
 31721 | Orc:2    | Identified the +11 triple crossbow of the Fifty Mice
                  | {drain, rPois Dex+2} (You bought it in a shop on level 2 of
                  | the Orcish Mines)
 31819 | Orc:2    | Bought a book of Changes for 288 gold pieces
 31836 | Orc:2    | Found Giqofag's Antique Weapon Shop.
 32171 | D:14     | Noticed Roxanne
 32272 | D:14     | Learned a level 2 spell: Wereblood
 32727 | D:14     | Noticed Snorg
 32737 | D:14     | Killed Snorg
 32804 | Arena    | Entered the Arena
 32870 | D:14     | Reached XP level 16. HP: 100/100 MP: 22/22
 32878 | D:14     | Found a gate to the Vaults.
 32941 | D:14     | Learned a level 2 spell: Blink
 33037 | D:15     | Entered Level 15 of the Dungeon
 33040 | D:15     | Found Diwkuec's Antique Weapon Shop.
 33158 | D:15     | Received a gift from Okawaru
 33218 | D:15     | Identified the +6 rapier "Nueg" {speed, Dex+3}
 33314 | D:15     | Found a staircase to the Depths.
 33432 | D:15     | Identified the +8 hand crossbow of Asceticism {speed, Str-2
                  | Dex+8 SInv} (Okawaru gifted it to you on level 15 of the
                  | Dungeon)
 33432 | D:15     | Received a gift from Okawaru
 33488 | D:15     | Noticed Nessos
 33498 | D:15     | Killed Nessos
 33504 | D:15     | Reached skill level 5 in Throwing
 34247 | Spider:1 | Entered Level 1 of the Spider Nest
 34369 | Spider:1 | Noticed Jorgrun
 34556 | Lair:3   | Killed Jorgrun
 34556 | Lair:3   | Identified the +0 helmet of Leapfrog {Dex+2} (Okawaru
                  | gifted it to you on level 3 of the Lair of Beasts)
 34556 | Lair:3   | Received a gift from Okawaru
 34570 | Lair:3   | Reached skill level 5 in Dodging
 34626 | Spider:1 | Reached skill level 10 in Invocations
 35760 | Spider:2 | Reached XP level 17. HP: 95/108 MP: 24/24
 36141 | Spider:2 | You are sucked into a shaft and drop 1 floor!
 36970 | Spider:2 | Received a gift from Okawaru
 37139 | Spider:2 | Identified a scroll of acquirement
 37147 | Spider:2 | Acquired the +0 mask of the Dragon {Will+ Slay+3 SInv}
 37147 | Spider:2 | Found the +0 mask of the Dragon {Will+ Slay+3 SInv}
 37613 | Spider:3 | Identified the +9 great mace of the Valley of Death
                  | {vorpal, rC+} (Okawaru gifted it to you on level 3 of the
                  | Spider Nest)
 37613 | Spider:3 | Received a gift from Okawaru
 38502 | Spider:4 | Entered Level 4 of the Spider Nest
 39223 | Spider:4 | Received a gift from Okawaru
 40183 | Spider:4 | Reached XP level 18. HP: 117/117 MP: 25/25
 40988 | Spider:4 | Got a gossamer rune of Zot
 41259 | Shoals:1 | Entered Level 1 of the Shoals
 41700 | Shoals:1 | Found Saruhel's Antique Weapon Shoppe.
 41707 | Shoals:1 | Noticed Nikola
 41709 | Shoals:1 | Noticed Mlioglotl
 41710 | Arena    | Entered the Arena
 41718 | Arena    | Killed Nikola
 41752 | Shoals:1 | Killed Mlioglotl
 41752 | Shoals:1 | Identified the +3 steam dragon scales of Iliwn {rPois rC+
                  | Str+3 Dex+3} (Okawaru gifted it to you on level 1 of the
                  | Shoals)
 41752 | Shoals:1 | Received a gift from Okawaru
 41756 | Shoals:1 | Reached skill level 15 in Fighting
 41768 | Shoals:1 | Reached skill level 15 in Shields
 41942 | Shoals:2 | Found Haoddi's General Store.
 41946 | Shoals:2 | Bought a potion of heal wounds for 75 gold pieces
 41946 | Shoals:2 | Bought a potion of heal wounds for 75 gold pieces
 41946 | Shoals:2 | Bought a scroll of fear for 60 gold pieces
 42086 | Shoals:2 | Found a transporter.
 42088 | Shoals:2 | Found a transporter.
 42228 | Shoals:2 | Noticed Aizul
 42327 | Shoals:2 | Killed Aizul
 42359 | Shoals:2 | Found a transporter.
 42366 | Shoals:2 | Found a transporter.
 42431 | Shoals:2 | Noticed Ilsuiw
 42464 | Shoals:2 | Killed Ilsuiw
 42465 | Shoals:2 | Reached skill level 10 in Dodging
 42772 | Shoals:2 | Found a transporter.
 42774 | Shoals:2 | Found a transporter.
 43132 | Shoals:3 | Acquired a manual of Armour
 43540 | Shoals:3 | Identified the +6 chain mail "Odead" {Rampage rN++ rCorr
                  | MP-9} (Okawaru gifted it to you on level 3 of the Shoals)
 43540 | Shoals:3 | Received a gift from Okawaru
 43853 | Shoals:4 | Entered Level 4 of the Shoals
 43972 | Shoals:4 | Reached XP level 19. HP: 124/124 MP: 26/26
 44492 | Shoals:4 | Identified the +8 arbalest of Dithmenos, Hurting {freeze,
                  | rPois rC+ rN++ Int-5}
 44534 | Shoals:4 | Noticed Polyphemus
 44539 | Shoals:4 | Killed Polyphemus
 44751 | Shoals:4 | Identified the +7 chain mail of the Freezing Grue {+Blink
                  | rElec Str+4}
 44825 | Shoals:4 | Identified the +5 longbow of Wutofiu {freeze, rC+ Dex+4
                  | Stlth-}
 45064 | Shoals:4 | Got a barnacled rune of Zot
 45445 | Vaults:1 | Entered Level 1 of the Vaults
 45450 | Vaults:1 | Received a gift from Okawaru
 45501 | Vaults:1 | Identified the +2 broad axe of Ekluhea {speed, rC++ Int+7
                  | Stlth-} (Okawaru gifted it to you on level 1 of the Vaults)
 45501 | Vaults:1 | Received a gift from Okawaru
 45664 | Vaults:1 | Found Nefohuek's Antique Armour Boutique.
 45724 | Vaults:1 | Identified the +3 leather armour of Darkness {Str+3}
 46123 | Vaults:1 | Received a gift from Okawaru
 46243 | Vaults:1 | Noticed Zenata
 46272 | Vaults:1 | Killed Zenata
 46321 | Vaults:1 | Reached XP level 20. HP: 111/131 MP: 28/28
 46910 | Vaults:1 | Received a gift from Okawaru
 47047 | Vaults:2 | Identified the +6 war axe of Patterns {pain, Will+}
                  | (Okawaru gifted it to you on level 2 of the Vaults)
 47047 | Vaults:2 | Received a gift from Okawaru
 47188 | Vaults:2 | Found Epoap's Armour Boutique.
 47202 | Vaults:2 | Reached skill level 1 in Transmutations
 47278 | Vaults:2 | Found Pigeg's General Store.
 47286 | Vaults:2 | Bought 3 scrolls of teleportation for 180 gold pieces
 47393 | Vaults:2 | Found a staircase to the Crypt.
 47518 | Vaults:2 | Got Sif Muna's Encyclopedia of Orientation and Fascination
 47731 | Vaults:2 | Received a gift from Okawaru
 47738 | Vaults:2 | Reached skill level 15 in Armour
 47884 | Vaults:2 | Identified the +1 war axe of the Big Fish {freeze, *Noise
                  | rPois rF+++ Int-4} (Okawaru gifted it to you on level 2 of
                  | the Vaults)
 47884 | Vaults:2 | Received a gift from Okawaru
 48449 | Vaults:3 | Received a gift from Okawaru
 48842 | Vaults:3 | Reached XP level 21. HP: 133/138 MP: 30/30
 48881 | Vaults:3 | Found a crumbling gateway.
 48893 | Desolati | Entered the Desolation of Salt
 49112 | Desolati | Identified the +8 sling of Gallantry {freeze, rCorr Int+3}
 49128 | Desolati | Got the Compendium of Vitiation and Gloom
 49133 | Desolati | Identified the ring "Laishri" {rCorr Str+6 Dex+4 Slay-5}
 49162 | Desolati | Identified the +7 quarterstaff of the Changing Big Fish
                  | {holy, Drain rElec Dex+3} (Okawaru gifted it to you in the
                  | Desolation of Salt)
 49162 | Desolati | Received a gift from Okawaru
 49190 | Desolati | Identified the +2 pair of gloves of Coos {rC+ Str+7 Dex-4}
 49506 | Desolati | Received a gift from Okawaru
 49554 | Desolati | Found the +2 hat of the Bear Spirit {Spirit, *Rage Will++}
 49570 | Desolati | Identified the ring of Plog {Fire Int+3 Dex-5 Stlth+}
 49625 | Desolati | Identified the +5 great mace of Pestilence {vorpal, Will+
                  | Stlth+}
 49627 | Desolati | Identified the ring of Elipt {Int+6 Dex+2}
 50652 | Elf:1    | Entered Level 1 of the Elven Halls
 50732 | Elf:1    | Paralysed by an air elemental for 1 turns
 50967 | Elf:1    | Noticed Louise
 50989 | Elf:1    | Killed Louise
 50989 | Elf:1    | Received a gift from Okawaru
 51627 | Elf:2    | Paralysed by an air elemental for 1 turns
 51671 | Elf:2    | Found a runed translucent gate.
 51672 | Elf:2    | Found a runed translucent gate.
 51672 | Elf:2    | Found a runed translucent gate.
 51727 | Elf:2    | Reached skill level 5 in Transmutations
 52103 | Elf:2    | Paralysed by an air elemental for 1 turns
 52247 | Elf:3    | Entered Level 3 of the Elven Halls
 52558 | Elf:3    | Received a gift from Okawaru
 52762 | Elf:3    | Found a portal to a secret trove of treasure.
 52790 | Elf:3    | Received a gift from Okawaru
 52990 | Elf:3    | Identified the +3 battleaxe "Basas" {venom, Int+4}
 53003 | Elf:3    | Reached skill level 10 in Evocations
 53273 | Elf:3    | Reached XP level 22. HP: 145/145 MP: 32/32
 53588 | Elf:3    | Identified the +4 morningstar of Exoneration {vamp, *Rage
                  | Str+4 Int+4}
 53599 | Elf:3    | Identified the +7 lajatang "Wuto" {flame, rF+}
 53599 | Elf:3    | Identified the amulet of the Cricket {Fragile rPois Regen+
                  | SInv}
 53631 | Elf:3    | Found the +6 arbalest "Damnation" {damnation}
 53653 | Elf:3    | Identified the +1 plate armour of Utuic Feino {rN+}
 54220 | Vaults:4 | Reached skill level 10 in Throwing
 54222 | Vaults:4 | Received a gift from Okawaru
 54680 | Vaults:4 | Identified the +0 pair of boots of the Thunderstorm {Int+4}
                  | (Okawaru gifted it to you on level 4 of the Vaults)
 54680 | Vaults:4 | Received a gift from Okawaru
 55432 | Vaults:5 | Entered Level 5 of the Vaults
 55473 | Vaults:5 | Noticed a golden dragon
 55490 | Vaults:5 | Killed a golden dragon
 55518 | Vaults:5 | Received a gift from Okawaru
 55529 | Vaults:5 | Received a gift from Okawaru
 55544 | Vaults:5 | Reached XP level 23. HP: 152/152 MP: 30/33
 55544 | Vaults:5 | Paralysed by a sphinx for 2 turns
 55776 | Vaults:5 | Noticed a dread lich
 55951 | Vaults:5 | Noticed a golden dragon
 55984 | Vaults:5 | Killed a golden dragon
 56201 | Vaults:5 | Found Wuatuxeh's Book Boutique.
 56299 | Vaults:5 | Killed a dread lich
 56379 | Vaults:5 | Identified the ring "Gitam" {Fire Str+2 Int-4 Dex+4 Stlth-}
 56475 | Vaults:5 | Noticed a golden dragon
 56488 | Vaults:5 | Noticed a dread lich
 56491 | Vaults:5 | Killed a golden dragon
 56493 | Vaults:5 | Noticed an ancient lich
 56594 | Arena    | Entered the Arena
 56615 | Arena    | Killed a dread lich
 56664 | Vaults:5 | Killed an ancient lich
 56981 | Vaults:5 | Identified the amulet of Nuxakosk {rPois rF+ Regen+ Str+3}
 57008 | Vaults:5 | Got a silver rune of Zot
 57017 | Vaults:5 | Identified the +5 ring mail "Varouc" {Slay+3}
 57229 | Vaults:5 | Noticed a golden dragon
 57247 | Vaults:5 | Killed a golden dragon
 57259 | Vaults:5 | Identified the +6 scale mail "Figaodd" {Drain rPois SInv}
 57359 | Vaults:5 | Received a gift from Okawaru
 57580 | Vaults:5 | Upgraded the game from 0.30-a0-451-ge042605de7 to
                  | 0.30-a0-457-g4b7bca3bfa
 57854 | Depths:1 | Entered Level 1 of the Depths
 58094 | Depths:1 | Identified the ring of Sorghyvitz {rF+ rC++}
 58374 | Depths:1 | Found a gateway to Hell.
 58397 | Depths:1 | Identified the +6 tower shield of the Clam {+Inv rC++ Str+4
                  | Dex+4} (Okawaru gifted it to you on level 1 of the Depths)
 58397 | Depths:1 | Received a gift from Okawaru
 58536 | Depths:1 | Found a shimmering blue altar of Sif Muna.
 58560 | Depths:1 | Noticed a golden dragon
 58571 | Depths:1 | Killed a golden dragon
 59005 | Depths:1 | Found Penk's Demolitions Depot.
 59642 | Depths:2 | Found a one-way gate leading to the halls of Pandemonium.
 60271 | Depths:2 | Reached XP level 24. HP: 157/157 MP: 33/33
 60275 | Depths:2 | Reached skill level 15 in Throwing
 61206 | Depths:3 | Found an iron altar of Okawaru.
 61302 | Depths:3 | Noticed a juggernaut
 61534 | Depths:3 | Received a gift from Okawaru
 61600 | Depths:3 | Killed a juggernaut
 61728 | Depths:3 | Identified the +0 scale mail of Okawaru's Favour {Int+3}
                  | (Okawaru gifted it to you on level 3 of the Depths)
 61728 | Depths:3 | Received a gift from Okawaru
 61954 | Depths:3 | Found a one-way gate to the infinite horrors of the Abyss.
 62067 | Depths:3 | Noticed Xtahua
 62085 | Depths:3 | Killed Xtahua
 62799 | Depths:3 | Found a sparkling altar of Nemelex Xobeh.
 62995 | Depths:4 | Entered Level 4 of the Depths
 64630 | Depths:4 | Found a one-way gateway to a ziggurat.
 64724 | Depths:4 | Found a stormy altar of Qazlal.
 64725 | Depths:4 | Found an ancient bone altar of Kikubaaqudgha.
 64726 | Depths:4 | Found a burning altar of Makhleb.
 64859 | Depths:4 | Identified the +7 chain mail of Zobbuodgh {rElec rCorr}
                  | (Okawaru gifted it to you on level 4 of the Depths)
 64859 | Depths:4 | Received a gift from Okawaru
 65519 | Depths:4 | Reached XP level 25. HP: 132/163 MP: 33/33
 65794 | Depths:4 | Identified the +10 short sword of Foewieq {freeze, rPois
                  | rF+ rC- Int+9}
 66355 | Depths:4 | Noticed a juggernaut
 66370 | Depths:4 | Killed a juggernaut
 66862 | Depths:4 | Noticed the Enchantress
 66875 | Depths:4 | Killed the Enchantress
 67417 | Depths:4 | Found a gate to the Realm of Zot.
 67917 | Shoals:1 | Bought a runed demon trident for 432 gold pieces
 67983 | Shoals:1 | Identified the amulet of Spite {RegenMP rN++ Will+ Regen+
                  | Dex+4}
 67994 | Shoals:1 | Identified the +0 pair of gloves "Gyzoap" {-Tele Str+4}
 68255 | Lair:1   | Killed Kuuciris's ghost
 68335 | Lair:2   | Killed Jackthecabe's ghost
 68510 | Lair:4   | Received a gift from Okawaru
 68514 | Lair:4   | Killed Depoub's ghost
 68527 | Lair:4   | Identified the ring "Kowneygu" {*Corrode Fly rElec Str-3
                  | Int+7}
 69149 | D:14     | Killed Roxanne
 69412 | Orc:2    | Bought a manual of Spellcasting for 1280 gold pieces
 69725 | Slime:1  | Entered Level 1 of the Pits of Slime
 69744 | Lair:5   | Received a gift from Okawaru
 69745 | Lair:5   | Reached skill level 1 in Spellcasting
 69975 | Slime:1  | Reached skill level 1 in Translocations
 70121 | Slime:1  | Received a gift from Okawaru
 70202 | Slime:1  | Received a gift from Okawaru
 70401 | Slime:2  | Noticed Dissolution
 70415 | Slime:1  | Paralysed by a floating eye for 3 turns
 70420 | Slime:1  | Killed Dissolution
 70676 | Slime:2  | Received a gift from Okawaru
 70751 | Slime:4  | Reached XP level 26. HP: 172/172 MP: 33/33
 70937 | Slime:5  | Entered Level 5 of the Pits of Slime
 71375 | Slime:4  | Gained mutation: A frigid envelope surrounds you and
                  | freezes all who hurt you. [a shining eye]
 71494 | Slime:5  | Reached skill level 5 in Spellcasting
 71496 | Slime:5  | Gained mutation: You are frail. (-10% HP) [a shining eye]
 71503 | Slime:5  | Gained mutation: Potions are less effective at restoring
                  | your health. [a shining eye]
 71504 | Slime:5  | Received a gift from Okawaru
 72244 | Slime:5  | Gained mutation: You are very frail. (-20% HP) [a shining
                  | eye]
 72272 | Slime:5  | Identified the +2 pair of boots of the Zealous God
                  | {*Corrode +Inv rElec rC+++} (Okawaru gifted it to you on
                  | level 5 of the Pits of Slime)
 72272 | Slime:5  | Received a gift from Okawaru
 72567 | Slime:5  | Noticed the Royal Jelly
 72583 | Slime:5  | Killed the Royal Jelly
 72725 | Slime:5  | Got a slimy rune of Zot
 72759 | Slime:5  | Got the Parchment of Destiny
 73391 | Zot:1    | Entered Level 1 of the Realm of Zot
 74454 | Zot:1    | Reached skill level 5 in Translocations
 74571 | Zot:1    | Noticed Parghit
 74584 | Zot:1    | Killed Parghit
 75427 | Zot:2    | Reached XP level 27. HP: 143/143 MP: 33/34
 76661 | Zot:2    | Received a gift from Okawaru
 77138 | Zot:2    | Identified the +7 trident "Gaig" {drain, rF+} (Okawaru
                  | gifted it to you on level 2 of the Realm of Zot)
 77138 | Zot:2    | Received a gift from Okawaru
 77505 | Zot:2    | Identified the +1 leather armour "Xiyduit" {Rampage +Inv
                  | rCorr Str+4}
 79253 | Zot:4    | Reached skill level 15 in Evocations
 79347 | Zot:4    | Received a gift from Okawaru
 79377 | Zot:4    | Identified the +8 broad axe of the Toadstool {protect,
                  | Int+4} (Okawaru gifted it to you on level 4 of the Realm of
                  | Zot)
 79377 | Zot:4    | Received a gift from Okawaru
 79379 | Zot:4    | Reached skill level 15 in Invocations
 80275 | Zot:5    | Entered Level 5 of the Realm of Zot
 80794 | Zot:5    | Received a gift from Okawaru
 81166 | Zot:5    | Identified the +0 robe of Baldness {SInv}
 82001 | Elf:3    | Identified the +5 halberd "Miedialy" {chaos, rElec rF-
                  | Dex+2 SInv}
 82042 | Elf:3    | You paid a toll of a +8 demon trident to enter a treasure
                  | trove
 82043 | Trove    | Entered a treasure trove
 82043 | Trove    | Found the brooch of Shielding {Spirit SH+8}
 82049 | Trove    | Identified the amulet of Gaowk {Spirit +Inv}
 82054 | Trove    | Identified the amulet of Iraxtexy {Spirit Drain Will+
                  | Str+4}
 82056 | Trove    | Identified the ring "Ilur" {rF+ rCorr Str+3 SInv}
 82058 | Trove    | Identified the amulet "Itiwov" {Spirit Will+}
 82061 | Trove    | Identified the ring "Zoffupp" {Fire Str-5 Dex+4}
 82065 | Trove    | Identified the amulet "Dualagyo" {Faith rF+ Will++ rCorr}
 82070 | Trove    | Identified the ring of Xom's Inspiration {rF+ Dex+6}
 82072 | Trove    | Identified the ring of the Heavens {rF+ rC+ SInv}
 83054 | Zot:5    | Noticed a dread lich
 83056 | Zot:5    | Noticed an ancient lich
 83064 | Zot:5    | Killed a dread lich
 83066 | Zot:5    | Noticed an orb of fire
 83076 | Zot:5    | Noticed a dread lich
 83079 | Zot:5    | Gained mutation: Your magical capacity is low. (-10% MP)
                  | [an orb of fire]
 83085 | Zot:5    | Lost mutation: Your magical capacity is low. (-10% MP) [an
                  | orb of fire]
 83088 | Zot:5    | Killed an orb of fire
 83088 | Zot:5    | Killed an ancient lich
 83095 | Zot:5    | Killed a dread lich
 83109 | Zot:5    | Noticed an ancient lich
 83112 | Zot:5    | Killed an ancient lich
 83112 | Zot:5    | Identified the +1 pair of gloves "Liovyluury" {Dex+2}
                  | (Okawaru gifted it to you on level 5 of the Realm of Zot)
 83112 | Zot:5    | Received a gift from Okawaru
 83119 | Zot:5    | Noticed a dread lich
 83122 | Zot:5    | Noticed an ancient lich
 83139 | Zot:5    | Killed an ancient lich
 83152 | Zot:5    | Killed a dread lich
 83405 | Zot:5    | Lost mutation: You are very frail. (-20% HP) [potion of
                  | mutation]
 83405 | Zot:5    | Lost mutation: A frigid envelope surrounds you and freezes
                  | all who hurt you. [potion of mutation]
 83405 | Zot:5    | Lost mutation: You are agile. (Dex +4, Str/Int -1) [potion
                  | of mutation]
 83405 | Zot:5    | Gained mutation: You have hidden genetic potential. [potion
                  | of mutation]
 83964 | Zot:5    | Noticed an ancient lich
 83998 | Zot:5    | Killed an ancient lich
 84354 | Zot:5    | Noticed an orb of fire
 84359 | Zot:5    | Gained mutation: You are clumsy. (Dex -2) [an orb of fire]
 84367 | Zot:5    | Killed an orb of fire
 85850 | Temple   | Fell from the grace of Okawaru
 85850 | Temple   | Became a worshipper of the Shining One
 86164 | Crypt:1  | Entered Level 1 of the Crypt
 86302 | Crypt:1  | Reached * piety under the Shining One
 86436 | Crypt:1  | Reached ** piety under the Shining One
 87486 | Crypt:2  | Reached *** piety under the Shining One
 87839 | Crypt:2  | Identified the ring "Piwirph" {rC+ Stlth+}
 87851 | Crypt:2  | Reached **** piety under the Shining One
 88634 | Crypt:3  | Entered Level 3 of the Crypt
 88686 | Crypt:3  | Reached ***** piety under the Shining One
 88923 | Crypt:3  | Found a basalt altar of Yredelemnul.
 88942 | Crypt:3  | Reached ****** piety under the Shining One
 89078 | Crypt:3  | Identified the amulet of the Skies Above {rC+ Regen+ Dex+2}
 89078 | Crypt:3  | Identified the ring "Nour" {rElec rN+ MP+9 Str+4 Dex+4}
 89259 | Crypt:3  | Identified the +2 pair of gloves of a ziggurat {Str+2}
 89430 | Crypt:3  | Found a staircase to the Tomb.
 89430 | Crypt:3  | Noticed Khufu
 89430 | Crypt:3  | Identified the +8 glaive "Ena Camu" {vamp, Int+4}
 89438 | Crypt:3  | Killed Khufu
 89556 | Crypt:3  | Identified the +9 sling of Diet Blood {freeze, Will+}
 89557 | Crypt:3  | Identified the +10 demon blade of the Changing Gods {elec,
                  | Int+6}
 91495 | Depths:3 | Voluntarily entered the Abyss.
 91754 | Abyss:1  | Identified a +9 broad axe of holy wrath (a +8 broad axe of
                  | flaming blessed by the Shining One)
 91754 | Abyss:1  | Received a gift from the Shining One
 91913 | Abyss:3  | Gained mutation: You are partially covered in iridescent
                  | scales. (AC +2) [hidden potential]
 91994 | Abyss:3  | Gained mutation: You occasionally lose the ability to drink
                  | potions when taking damage. [a neqoxec]
 92014 | Abyss:3  | Gained mutation: You sometimes lose your temper in combat.
                  | [a neqoxec]
 92017 | Abyss:3  | Lost mutation: You are clumsy. (Dex -2) [potion of
                  | mutation]
 92017 | Abyss:3  | Lost mutation: You sometimes lose your temper in combat.
                  | [potion of mutation]
 92017 | Abyss:3  | Lost mutation: You have hidden genetic potential. [potion
                  | of mutation]
 92017 | Abyss:3  | Gained mutation: Armour fits poorly on your strangely
                  | shaped body. [potion of mutation]
 92017 | Abyss:3  | Gained mutation: A frigid envelope surrounds you and
                  | freezes all who hurt you. [potion of mutation]
 92018 | Abyss:3  | Lost mutation: Armour fits poorly on your strangely shaped
                  | body. [potion of mutation]
 92018 | Abyss:3  | Lost mutation: You are partially covered in iridescent
                  | scales. (AC +2) [potion of mutation]
 92018 | Abyss:3  | Lost mutation: You are frail. (-10% HP) [potion of
                  | mutation]
 92018 | Abyss:3  | Gained mutation: Your muscles are strong. (Str +4, Int/Dex
                  | -1) [potion of mutation]
 92178 | Abyss:3  | Found a corrupted altar of Lugonu.
 92269 | Depths:3 | Escaped the Abyss
 92271 | Depths:3 | Voluntarily entered the Abyss.
 92275 | Abyss:3  | Found a corrupted altar of Lugonu.
 92306 | Abyss:3  | Found a sparkling altar of Nemelex Xobeh.
 92472 | Depths:3 | Escaped the Abyss
 92474 | Depths:3 | Voluntarily entered the Abyss.
 92475 | Abyss:3  | Found a corrupted altar of Lugonu.
 92497 | Abyss:3  | Found an opulent altar of Gozag.
 92846 | Abyss:4  | Noticed an ancient lich
 92856 | Abyss:4  | Killed an ancient lich
 92874 | Abyss:4  | Got an abyssal rune of Zot
 92896 | Depths:3 | Escaped the Abyss
 93882 | Pan      | Entered Pandemonium
 94014 | Pan      | Noticed Uhelioguq the pandemonium lord
 94030 | Pan      | Killed Uhelioguq the pandemonium lord
 94238 | Pan      | Noticed Palimem the pandemonium lord
 94258 | Pan      | Killed Palimem the pandemonium lord
 94878 | Pan      | Was forgiven by Okawaru
 95117 | Pan      | Found a huge runed translucent gate.
 95118 | Pan      | Found a huge runed translucent gate.
 95119 | Pan      | Found a huge runed translucent gate.
 95119 | Pan      | Found a huge runed translucent gate.
 95119 | Pan      | Found a huge runed translucent gate.
 95119 | Pan      | Found a huge runed translucent gate.
 95120 | Pan      | Found a huge runed translucent gate.
 95120 | Pan      | Found a huge runed translucent gate.
 95120 | Pan      | Found a huge runed translucent gate.
 95120 | Pan      | Found a huge runed translucent gate.
 95120 | Pan      | Found a huge runed translucent gate.
 95120 | Pan      | Found a huge runed translucent gate.
 95120 | Pan      | Found a huge runed translucent gate.
 95121 | Pan      | Found a huge runed translucent gate.
 95121 | Pan      | Noticed Kiapybby the pandemonium lord
 95122 | Pan      | Found a huge runed translucent gate.
 95123 | Pan      | Found a huge runed translucent gate.
 95123 | Pan      | Found a huge runed translucent gate.
 95246 | Pan      | Noticed Xosm the pandemonium lord
 95270 | Pan      | Killed Xosm the pandemonium lord
 95291 | Pan      | Reached skill level 10 in Spellcasting
 95357 | Pan      | Found an exit through the horrors of the Abyss.
 95384 | Pan      | Noticed Ignacio
 95394 | Pan      | Killed Ignacio
 95686 | Pan      | Gained mutation: Armour fits poorly on your strangely
                  | shaped body. [a cacodemon]
 95689 | Pan      | Gained mutation: You are dopey. (Int -2) [a cacodemon]
 96195 | Pan      | Gained mutation: You are clumsy. (Dex -2) [a cacodemon]
 96411 | Pan      | Noticed Udealia the pandemonium lord
 96422 | Pan      | Killed Udealia the pandemonium lord
 96494 | Pan      | Found a glowing silver altar of Zin.
 96685 | Pan      | Identified the +8 tower shield "Aplisad" {rPois SInv
                  | Stlth+}
 97850 | Pan      | Lost mutation: Your muscles are strong. (Str +4, Int/Dex
                  | -1) [potion of mutation]
 97850 | Pan      | Lost mutation: Potions are less effective at restoring your
                  | health. [potion of mutation]
 97850 | Pan      | Gained mutation: You are frail. (-10% HP) [potion of
                  | mutation]
 97850 | Pan      | Gained mutation: Your natural rate of healing is unusually
                  | fast. [potion of mutation]
 97850 | Pan      | Lost mutation: You are dopey. (Int -2) [potion of mutation]
 97993 | Pan      | Found a white marble altar of Elyvilon.
 99444 | Pan      | Identified the +6 buckler "Kigun" {-Tele rF+ rN+ Stlth+}
 99494 | Pan      | Identified the +0 robe of Entitlement {Int-5 Dex+7}
 99519 | Pan      | Identified the ring "Sawait" {Will+ rCorr Str+5 Dex+2
                  | Stlth+}
 99519 | Pan      | Noticed a seraph
 99528 | Pan      | Killed a seraph
 99553 | Pan      | Found a glowing golden altar of the Shining One.
 99575 | Pan      | Identified the +0 leather armour "Inoy" {*Slow Will+ Dex+5}
 99578 | Pan      | Identified the ring "Weymp" {rCorr Str+2}
 99587 | Pan      | Got a demonic rune of Zot
 99596 | Pan      | Identified the +6 long sword of Discord {vorpal, *Noise
                  | Fragile rF+ rCorr Int+4}
 99929 | Depths:2 | Escaped Pandemonium
100750 | Orc:1    | Bought the ring "Qetej" {rF+ Str-4 Dex+5 Slay+4} for 1317
                  | gold pieces
101256 | Pan      | Entered the realm of Cerebov.
101256 | Pan      | Entered Pandemonium
101296 | Pan      | Got the Secrets of Blistering Imprecation
101309 | Pan      | Learned a level 4 spell: Manifold Assault
101396 | Pan      | Identified the +8 chain mail "Put-Me-On" {Will+}
102132 | Pan      | Identified the ring of Springtime {Fire rCorr Str+3}
102133 | Pan      | Identified the ring of Hemikk {Ice Fly rPois Int+2 SInv}
102137 | Pan      | Got the Parchment of the Blaze and Blasphemous Secrets
102141 | Pan      | Identified the +0 scale mail of Niutroz {rF+ Str+3 Dex+4}
102430 | Pan      | Identified the +1 plate armour of Qifu Fia {Int+5}
102499 | Pan      | Found the +6 sword of Cerebov {flame}
102499 | Pan      | Noticed Cerebov
102520 | Pan      | Killed Cerebov
102528 | Pan      | Reached skill level 5 in Stealth
102647 | Pan      | Got a fiery rune of Zot
102669 | Pan      | Identified the +6 shortbow "Spider's Undoing" {flame,
                  | Int+7}
102672 | Pan      | Identified the +10 plate armour "Zeghud" {rN+ Regen+ Str+4
                  | Dex+3}
102675 | Pan      | Got the Omnibus of Imprecation and Hoarfrost
102849 | Pan      | Entered the realm of Mnoleg.
102859 | Pan      | Found an exit through the horrors of the Abyss.
102910 | Pan      | Gained mutation: You sometimes lose your temper in combat.
                  | [a neqoxec]
102919 | Pan      | Noticed Mnoleg
102933 | Pan      | Killed Mnoleg
102937 | Pan      | Gained mutation: You sometimes lose the ability to drink
                  | potions when taking damage. [a cacodemon]
103021 | Pan      | Got a glowing rune of Zot
103060 | Pan      | Gained mutation: Your magical capacity is low. (-10% MP) [a
                  | cacodemon]
103061 | Pan      | Took an exit into the Abyss.
103061 | Abyss:4  | Escaped into the Abyss
103062 | Abyss:4  | Lost mutation: Your natural rate of healing is unusually
                  | fast. [potion of mutation]
103062 | Abyss:4  | Lost mutation: You sometimes lose the ability to drink
                  | potions when taking damage. [potion of mutation]
103062 | Abyss:4  | Gained mutation: Your flesh is cold resistant. (rC+)
                  | [potion of mutation]
103062 | Abyss:4  | Lost mutation: You are clumsy. (Dex -2) [potion of
                  | mutation]
103062 | Abyss:4  | Gained mutation: Your spells are a little harder to cast,
                  | but a little more powerful. [potion of mutation]
103074 | Depths:2 | Escaped the Abyss
103076 | Depths:2 | Lost mutation: You occasionally lose the ability to drink
                  | potions when taking damage. [potion of mutation]
103076 | Depths:2 | Lost mutation: You are frail. (-10% HP) [potion of
                  | mutation]
103076 | Depths:2 | Gained mutation: You passively map a small area around you.
                  | [potion of mutation]
103077 | Depths:2 | Lost mutation: You passively map a small area around you.
                  | [potion of mutation]
103077 | Depths:2 | Lost mutation: A frigid envelope surrounds you and freezes
                  | all who hurt you. [potion of mutation]
103077 | Depths:2 | Lost mutation: Your magical capacity is low. (-10% MP)
                  | [potion of mutation]
103077 | Depths:2 | Gained mutation: You are robust. (+10% HP) [potion of
                  | mutation]
103077 | Depths:2 | Gained mutation: Your mind is acute. (Int +4, Str/Dex -1)
                  | [potion of mutation]
103077 | Depths:2 | Lost mutation: You sometimes lose your temper in combat.
                  | [potion of mutation]
103077 | Depths:2 | Gained mutation: You are very robust. (+20% HP) [potion of
                  | mutation]
103080 | Pan      | Entered the realm of Gloorx Vloq.
103080 | Pan      | Entered Pandemonium
103500 | Pan      | Found an exit through the horrors of the Abyss.
103884 | Pan      | Noticed Gloorx Vloq
104243 | Pan      | Killed Gloorx Vloq
104259 | Pan      | Got a dark rune of Zot
104506 | Pan      | Found a huge runed translucent gate.
104511 | Pan      | Found a huge runed translucent gate.
104512 | Pan      | Found a huge runed translucent gate.
104513 | Pan      | Found a huge runed translucent gate.
104513 | Pan      | Found a huge runed translucent gate.
104787 | Pan      | Identified the ring "Ugal Nacafu" {rElec Int-2 Dex+2
                  | Slay+4}
104802 | Pan      | Gained mutation: You occasionally shout uncontrollably at
                  | your foes. [a neqoxec]
104841 | Pan      | Identified the +2 cloak "Natrumi" {Will+ Dex-4 Slay+5}
105046 | Pan      | Noticed Mennas
105079 | Pan      | Killed Mennas
105279 | Pan      | Found an exit through the horrors of the Abyss.
105459 | Pan      | Identified the ring of Utagh {Str+4 Dex+6}
105773 | Pan      | Found an exit through the horrors of the Abyss.
106124 | Pan      | Noticed Dulablue the pandemonium lord
106171 | Pan      | Killed Dulablue the pandemonium lord
106395 | Pan      | Entered the realm of Lom Lobon.
106615 | Pan      | Reached skill level 15 in Dodging
106631 | Pan      | Reached skill level 10 in Translocations
106780 | Pan      | Noticed Lom Lobon
107158 | Pan      | Found an exit through the horrors of the Abyss.
107467 | Pan      | Killed Lom Lobon
107491 | Pan      | Got a magical rune of Zot
107730 | Pan      | Took an exit into the Abyss.
107730 | Abyss:4  | Escaped into the Abyss
107822 | Depths:2 | Escaped the Abyss
107854 | Hell     | Entered the Vestibule of Hell
107854 | Hell     | Noticed Geryon
107876 | Hell     | Killed Geryon
107971 | Hell     | Reached skill level 10 in Stealth
108082 | Hell     | Found a gateway to the decaying netherworld of Tartarus.
108232 | Hell     | Found a gateway to the ashen valley of Gehenna.
108364 | Hell     | Found a gateway to the Iron City of Dis.
108497 | Hell     | Found a gateway to the freezing wastes of Cocytus.
108665 | Coc:1    | Entered Level 1 of Cocytus
108952 | Coc:2    | Paralysed by a wendigo for 1 turns
109251 | Coc:3    | Paralysed by a wendigo for 1 turns
109340 | Coc:3    | You are sucked into a shaft and drop 2 floors!
109340 | Coc:5    | Noticed an ancient lich
109354 | Coc:5    | Killed an ancient lich
109494 | Coc:6    | Reached skill level 27 in Invocations
109841 | Coc:7    | Entered Level 7 of Cocytus
109857 | Coc:7    | Paralysed by a wendigo for 1 turns
110236 | Coc:7    | Paralysed by a wendigo for 1 turns
110243 | Coc:7    | Paralysed by a wendigo for 1 turns
110560 | Coc:7    | Noticed Antaeus
110575 | Coc:7    | Killed Antaeus
110575 | Coc:7    | Paralysed by a wendigo for 1 turns
111151 | Coc:7    | Got an icy rune of Zot
111184 | Coc:7    | Got the Spellbook of the Spellbinding Wind
111187 | Coc:7    | Identified the +9 spear "Embalmer" {antimagic, rCorr}
111483 | Tar:1    | Entered Level 1 of Tartarus
111843 | Tar:2    | Noticed a dread lich
111850 | Tar:2    | Killed a dread lich
111872 | Tar:2    | Noticed an ancient lich
111876 | Tar:2    | Killed an ancient lich
112096 | Tar:3    | Noticed a dread lich
112103 | Tar:3    | Killed a dread lich
113169 | Tar:7    | Entered Level 7 of Tartarus
113815 | Tar:7    | Identified the ring "Koepym" {Fire Will+++ Str+4 Int-3}
113818 | Tar:7    | Identified the +1 robe "Bomuffi" {rN+}
113819 | Tar:7    | Identified the amulet "Qagratz" {Faith rF++ rC+}
113969 | Tar:7    | Noticed the Serpent of Hell
113976 | Tar:7    | Killed the Serpent of Hell
114400 | Tar:7    | Noticed Ereshkigal
114410 | Tar:7    | Paralysed by Ereshkigal for 3 turns
114411 | Tar:7    | Killed Ereshkigal
114427 | Tar:7    | Identified the +2 battleaxe "Kieradet" {flame, rElec}
114430 | Tar:7    | Found the +5 glaive of the Guard {elec, spectral, AC+5}
114431 | Tar:7    | Identified the ring "Geenam" {rCorr AC+4}
114433 | Tar:7    | Got a bone rune of Zot
115352 | Geh:1    | Entered Level 1 of Gehenna
115917 | Geh:2    | Noticed an ancient lich
115928 | Geh:2    | Killed an ancient lich
117901 | Geh:7    | Entered Level 7 of Gehenna
119371 | Geh:7    | Got Iqutiaje's Papyrus of Called Unholy Deeds
119859 | Geh:7    | Found the +7 sceptre of Asmodeus
119859 | Geh:7    | Noticed Asmodeus
119873 | Geh:7    | Killed Asmodeus
119882 | Geh:7    | Got an obsidian rune of Zot
119961 | Geh:7    | Identified the ring of Piehiav {*Corrode rF+ Slay+2 SInv}
120145 | Dis:1    | Entered Level 1 of the Iron City of Dis
120785 | Dis:3    | You are sucked into a shaft and drop 2 floors!
120785 | Dis:5    | Noticed a dread lich
120847 | Dis:5    | Killed a dread lich
121301 | Dis:5    | Noticed a dread lich
121305 | Dis:5    | Killed a dread lich
122127 | Dis:7    | Entered Level 7 of the Iron City of Dis
122494 | Dis:7    | Learned a level 4 spell: Passage of Golubria
122498 | Dis:7    | Learned a level 3 spell: Vhi's Electric Charge
122628 | Dis:7    | Reached skill level 15 in Translocations
122743 | Dis:7    | Noticed a juggernaut
122751 | Dis:7    | Found the +5 demon whip "Spellbinder" {antimagic, Will+}
122758 | Dis:7    | Killed a juggernaut
122775 | Dis:7    | Identified the ring "Ibriefac" {Will+ rCorr}
122794 | Dis:7    | Identified the ring of Goebunaso {Fly rF+ rC+ Str+2 Stlth-}
125271 | Dis:7    | Reached skill level 27 in Fighting
125511 | Dis:7    | Found the +4 staff of Dispater
125511 | Dis:7    | Noticed Dispater
125542 | Dis:7    | Killed Dispater
125543 | Dis:7    | Noticed a juggernaut
125553 | Dis:7    | Killed a juggernaut
125619 | Dis:7    | Got an iron rune of Zot
125626 | Dis:7    | Identified the +8 halberd of the Toadstool {vorpal, Str+3}
126131 | Tomb:1   | Entered Level 1 of the Tomb of the Ancients
126615 | Tomb:1   | Noticed a royal mummy
126619 | Tomb:1   | Killed a royal mummy
126636 | Tomb:1   | Noticed a royal mummy
126643 | Tomb:1   | Killed a royal mummy
126696 | Tomb:1   | Paralysed by a Zot trap for 5 turns
127023 | Tomb:2   | Noticed a royal mummy
127023 | Tomb:2   | Noticed a royal mummy
127023 | Tomb:2   | Noticed a royal mummy
127034 | Tomb:2   | Killed a royal mummy
127039 | Tomb:2   | Killed a royal mummy
127039 | Tomb:2   | Noticed a royal mummy
127042 | Tomb:2   | Noticed a royal mummy
127185 | Tomb:2   | Killed a royal mummy
127192 | Tomb:2   | Killed a royal mummy
127195 | Tomb:2   | Killed a royal mummy
127547 | Tomb:1   | Noticed a royal mummy
127556 | Tomb:1   | Killed a royal mummy
127564 | Tomb:1   | Noticed a royal mummy
127576 | Tomb:1   | Killed a royal mummy
127696 | Tomb:1   | Noticed a royal mummy
127708 | Tomb:1   | Killed a royal mummy
127815 | Tomb:1   | Noticed a royal mummy
127822 | Tomb:1   | Noticed a royal mummy
127824 | Tomb:1   | Killed a royal mummy
127827 | Tomb:1   | Killed a royal mummy
127935 | Tomb:1   | Noticed a royal mummy
127939 | Tomb:1   | Killed a royal mummy
127943 | Tomb:1   | Noticed a royal mummy
127947 | Tomb:1   | Killed a royal mummy
128062 | Tomb:1   | Noticed a royal mummy
128066 | Tomb:1   | Killed a royal mummy
128066 | Tomb:1   | Noticed a royal mummy
128068 | Tomb:1   | Noticed a royal mummy
128073 | Tomb:1   | Killed a royal mummy
128074 | Tomb:1   | Noticed a royal mummy
128078 | Tomb:1   | Killed a royal mummy
128083 | Tomb:1   | Killed a royal mummy
128407 | Tomb:3   | Entered Level 3 of the Tomb of the Ancients
128437 | Tomb:3   | Gained mutation: You are clumsy. (Dex -2) [mutagenic glow]
128441 | Tomb:3   | Reached skill level 10 in Transmutations
128441 | Tomb:3   | Noticed a royal mummy
128445 | Tomb:3   | Noticed a royal mummy
128447 | Tomb:3   | Noticed a royal mummy
128448 | Tomb:3   | Killed a royal mummy
128452 | Tomb:3   | Killed a royal mummy
128470 | Tomb:3   | Killed a royal mummy
128471 | Tomb:3   | Reached skill level 27 in Armour
128479 | Tomb:3   | Noticed a royal mummy
128489 | Tomb:3   | Killed a royal mummy
128599 | Tomb:3   | Identified the +9 mace "Keikytaj" {speed, rC+}
128600 | Tomb:3   | Identified the +6 halberd of the Heavens {freeze, Int+10}
128601 | Tomb:3   | Identified the ring "Lidecip" {rElec rPois rN+++ rCorr
                  | Dex+4}
128604 | Tomb:3   | Identified the ring "Zosogg" {rF+ Will+ rCorr Slay+3}
128633 | Tomb:3   | Got the Omnibus of the Crushed Tales
128644 | Tomb:3   | Identified the +5 shortbow of the Abyss {flame, MP+9}
128666 | Tomb:3   | Identified the +8 demon trident of the Painted God {elec,
                  | rF+ rN+}
128667 | Tomb:3   | Identified the +7 plate armour of Diurr {-Tele rElec Will+}
128735 | Tomb:3   | Noticed a royal mummy
128745 | Tomb:3   | Killed a royal mummy
128908 | Tomb:3   | Got Heonut's Verses on Petrous Permutations
129073 | Tomb:3   | Noticed a royal mummy
129081 | Tomb:3   | Noticed a royal mummy
129081 | Tomb:3   | Killed a royal mummy
129092 | Tomb:3   | Killed a royal mummy
129127 | Tomb:3   | Noticed a royal mummy
129132 | Tomb:3   | Noticed a royal mummy
129136 | Tomb:3   | Killed a royal mummy
129147 | Tomb:3   | Killed a royal mummy
129346 | Tomb:3   | Got a golden rune of Zot
130214 | Zot:5    | Got the Orb of Zot
130364 | Zot:1    | Noticed Oxyhu the pandemonium lord
130375 | Zot:1    | Killed Oxyhu the pandemonium lord
130552 | Depths:3 | Gained mutation: A frigid envelope surrounds you and
                  | freezes all who hurt you. [a cacodemon]
130589 | Depths:1 | Gained mutation: You sometimes lose your temper in combat.
                  | [a cacodemon]
130954 | D:$      | Escaped with the Orb!

Illustrated notes

Levels and vault maps discovered:
D:1:      erik_arrival_orb_chamber, layout_loops_ring, hangedman_decor_push
D:2:      layout_basic, serial_glass, glass_columns_a, glass_columns_b,
          hangedman_decor_clover_reticule, hangedman_decor_slide_cut
D:3:      layout_basic, shapermc_ecumenical_altar_acropolis,
          cheibrodos_sewer_entry_drain, st_stairs_8
D:4:      layout_loops_ring, nicolae_uskayaw_en_pointe, ebering_ghost_sewer_f,
          dk_noncrumbling_3, minmay_misc_feat_encased
D:5:      layout_cave_pools, gammafunk_temple_overflow_claw, abandoned_shop,
          nicolae_hexahallways, uniq_prince_ribbit1, uniq_edmund, uniq_grinder
D:6:      layout_basic, vehumet_statue
D:7:      layout_basic, minmay_temple_entry_oklob, serial_shops,
          kennysheep_mini_moat
D:8:      layout_cave_pools, trog_book, nicolae_ossuary_entry_false_entrances,
          serial_shops, nicolae_shop_statue_plus,
          gammafunk_ghost_berserking_beasts
D:9:      layout_roguey, lemuel_zombie_altar_yredelemnul
D:10:     layout_cave_pools, grunt_temple_overflow_open,
          nicolae_dithmenos_through_a_glass_darkly, lemuel_round_altar,
          erik_orc_2, serial_column_ruins, column_ruins_columns_straight,
          column_ruins_grid_3, column_ruins_grid_2, column_ruins_grid_2,
          column_ruins_columns_straight
D:11:     minmay_angry_zag, layout_rooms, david_lair_shrubbed,
          gauntlet_entry_generic
D:12:     layout_stronghold
D:13:     layout_loops_ring, nicolae_ru_great_annihilating_truth
D:14:     layout_grid_maze, grunt_vaults_entry_tiered, hangedman_decor_growths,
          uniq_snorg, uniq_roxanne
D:15:     gammafunk_depths_entry_grave, layout_loops_ring, serial_shops,
          nicolae_square_shop, uniq_nessos
Temple:   minmay_temple_curvy_loop
Lair:1:   layout_loops_ring, gammafunk_ghost_split,
          chequers_serial_rivers_micro_d, serial_bayou_shore_b
Lair:2:   layout_regular_city, minmay_shoals_entry_beasts,
          maelrawn_ghost_gauntlet_escape, chequers_serial_rivers_micro_b,
          beast_lair_carwin_2, grunt_megastairs_2, uniq_maggie
Lair:3:   cheibrodos_magma_flow, layout_loops_ring,
          nicolae_spider_entry_tight_spaces, beast_lair_carwin_7, uniq_josephine
Lair:4:   layout_loops_ring, gammafunk_ghost_ooze
Lair:5:   cheibrodos_lair_end_hotspot, layout_cave_pods,
          dpeg_slime_entry_enclosed, uniq_urug, uniq_kirke
Shoals:1: layout_shoals, serial_shops, shop, nicolae_shoals_kraken_intersection,
          uniq_mlioglotl, uniq_nikola
Shoals:2: cheibrodos_shoals_baths, layout_shoals, serial_shops,
          nicolae_shop_hallway_stairs, serial_nicolae_subway,
          nicolae_sub_station_stone, nicolae_sub_station_metal,
          nicolae_sub_station_crystal, uniq_ilsuiw, uniq_aizul
Shoals:3: layout_shoals, abandoned_shop
Shoals:4: shoals_end_simple, layout_shoals, uniq_polyphemus
Spider:1: layout_spider_delve, nicolae_spider_some_kinda_spiderbox, uniq_jorgrun
Spider:2: layout_spider_delve
Spider:3: layout_cave_pods
Spider:4: floodkiller_spider_rune_tomb
Slime:1:  layout_caves, special_room [special_room_jelly]
Slime:2:  layout_caves, dissolution_awaits
Slime:3:  layout_caves, nicolae_slime_round_cave, uniq_dissolution
Slime:4:  cheibrodos_slime_lost_civilization_3, layout_caves
Slime:5
Orc:1:    layout_caves, minmay_shop_enchanted_jewellery, uniq_maurice,
          uniq_nergalle, uniq_erica
Orc:2:    st_orc_open, layout_diamond_mine
Elf:1:    eino_elf_arrival_customs, layout_loops_ring, hangedman_elf_represent,
          uniq_louise
Elf:2:    nicolae_elf_blades_crystal_corner, layout_loops_corners
Elf:3:    grunt_elf_hall_asides, layout_gridlike, nicolae_trove_entry_diagonal,
          hangedman_glass_teeth, nicolae_elf_big_sculpture_3
Vaults:1: nicolae_vaults_big_ls, v_misc_9, vaults_mumra_chevron,
          nicolae_vaults_little_squares_5, nicolae_vaults_inception_scallops,
          vaults_dpeg_doors, v_misc_19, vaults_dpeg_cross,
          ontoclasm_vaults_shuriken, v_misc_14,
          vaults_mumra_minichess_inversion, v_misc_23,
          vaults_room_stairs_pillars, nicolae_vaults_mini_display_case,
          kb_rosetta, layout_vaults_maze, serial_shops, nicolae_shop_waterfront,
          uniq_zenata
Vaults:2: vaults_room_pool, ontoclasm_vaults_echo, vaults_room_grid,
          minmay_crypt_entry_simple_box, v_misc_17, v_misc_1,
          nicolae_vaults_puzzle_piece, v_misc_17, v_misc_30,
          vaults_room_door_ring, vaults_dpeg_emergency_exit,
          layout_vaults_omnicross, serial_shops, shop, shop
Vaults:3: portal_desolation_entry_ruin, vaults_mumra_hexcomb,
          hangedman_vaults_hard_town_square, vaults_dpeg_diagonal, v_misc_26,
          nicolae_vaults_diagonal_hallway_6, nicolae_vaults_shelves_hall,
          ontoclasm_vaults_loading_screen, layout_vaults_big_room
Vaults:4: ontoclasm_vaults_claustrophobia, v_misc_25, v_alt_pattern_6,
          ontoclasm_vaults_tryst, v_pattern_2,
          vaults_standard_mumra_enter_the_diamond, vaults_mumra_hex,
          vaults_dpeg_encased_lava, nicolae_vaults_network_barrier,
          layout_vaults_ring
Vaults:5: serial_shops
Crypt:1:  layout_gridlike, grunt_megastairs_1
Crypt:2:  layout_catacombs
Crypt:3:  grunt_crypt_end_deaths_head
Tomb:1
Tomb:2
Tomb:3
Depths:1: layout_gridlike, nicolae_two_hexagons,
          nicolae_hell_entry_hellmouth_sunbeams, nicolae_blasting_shop,
          led_sif_pool
Depths:2: minmay_bubble_buster, layout_cave_pools, rand_demon_pan_entry_7,
          corexii_hall_statues_l, pf_hell_entry_tar_spiral,
          minmay_staircase_statues_hall_small, serial_bayou_shore_a,
          firewood_loft
Depths:3: minmay_crescents, layout_cave_pools, okawaru_trees_2, abyss_entry,
          grunt_hell_entry_dis_old, nemelex_diamond_rough_becter,
          infiniplex_staircase_river, uniq_xtahua
Depths:4: hangedman_slaughterboxes, hell_entry, uniq_enchantress
Hell
Dis:1:    layout_overlapping_boxes
Dis:2:    layout_jigsaw
Dis:3:    layout_jigsaw, nicolae_hells_leichenhalle
Dis:5:    layout_subdivisions, evilmike_ambush [evilmike_ambush_outer_basic,
          evilmike_ambush_inner_basic]
Dis:6:    layout_gridville, nicolae_dis_strange_trophy_room
Dis:7:    dis_st
Geh:1:    layout_gehenna_lava_caves
Geh:2:    layout_gehenna_lava_caves, special_room [special_room_morgue]
Geh:3:    layout_gehenna_lava_caves
Geh:4:    layout_gehenna_pools_basic
Geh:5:    layout_gehenna_pools_box, minmay_fire_ice_demons
Geh:6:    layout_gehenna_pools_triple
Geh:7:    geh_grunt_pentagon
Coc:1:    layout_ice_bergs
Coc:2:    layout_cocytus_water_paths
Coc:3:    nicolae_coc_city_of_iceburg
Coc:5:    layout_cocytus_water_paths
Coc:6:    nicolae_coc_through_the_icewall, layout_ice_bergs
Coc:7:    coc_old
Tar:1:    layout_catacombs
Tar:2:    nicolae_tar_fifth_circle, layout_cathedral_of_symmetry
Tar:3:    layout_grid_maze
Tar:4:    layout_catacombs, nicolae_tar_cuneiform_not, lemuel_nasty_fountain
Tar:5:    layout_cathedral_of_symmetry
Tar:6:    layout_grid_maze
Tar:7:    tar_minmay_river
Zot:1:    layout_cathedral_of_symmetry, hangedman_snake_sidewinding,
          uniq_parghit
Zot:2:    lemuel_draconian_sentries_small, layout_concentric_octagons
Zot:3:    layout_concentric_octagons
Zot:4:    layout_gridville, grunt_megastairs_4
Zot:5:    layout_gridlike, st_stairs_2, grunt_ministairs_11

Skill      XL: |  1  2  3  4  5  6  7  8  9 10 11 12 13 14 15 16 17 18 19 20 21 22 23 24 25 26 27 |
---------------+----------------------------------------------------------------------------------+-----
Axes           | 3 4 5 6 7 8 10 12 14 16 17 18 20 | 20.0
Invocations    | 3 4 6 7 8 10 11 12 13 14 27 | 27.0
Fighting       | 8 9 10 11 12 14 15 16 17 18 19 27 | 27.0
Armour         | 5 7 10 11 14 15 16 17 18 27 | 27.0
Shields        | 5 7 10 11 12 14 15 16 17 21 22 26 | 26.3
Evocations     | 2 4 5 7 8 10 11 12 13 20 | 20.7
Dodging        | 3 6 8 11 12 13 20 | 20.0
Throwing       | 4 6 7 8 9 11 14 16 20 | 20.7
Transmutations | 3 5 7 9 10 | 10.5
Spellcasting   | 4 7 13 | 13.0
Translocations | 2 5 16 | 16.0
Stealth        | 10 | 10.2

Action                   |  1- 3 |  4- 6 |  7- 9 | 10-12 | 13-15 | 16-18 | 19-21 | 22-24 | 25-27 || total
-------------------------+-------+-------+-------+-------+-------+-------+-------+-------+-------++-------
Melee: Hand axe          |   110 |   193 |    88 |       |       |       |       |       |       ||   391
       Punch             |       |     1 |     7 |     2 |       |       |       |       |       ||    10
       War axe           |       |       |   372 |   611 |       |       |       |       |       ||   983
       Unarmed           |       |       |     6 |       |       |       |       |       |       ||     6
       Broad axe         |       |       |       |   105 |  1079 |  1326 |  1601 |  1989 |  8687 || 14787
 Fire: Triple crossbow   |       |       |       |       |    30 |       |       |       |       ||    30
       Hand crossbow     |       |       |       |       |       |    11 |       |       |    73 ||    84
Throw: Dart              |       |    12 |     1 |    47 |    57 |   106 |       |    22 |     9 ||   254
       Javelin           |       |       |       |       |     2 |       |       |    13 |    40 ||    55
       Boomerang         |       |       |       |       |       |       |       |    12 |   177 ||   189
       Throwing net      |       |       |       |       |       |       |       |       |     4 ||     4
 Cast: Wereblood         |       |       |       |       |       |       |       |    21 |    94 ||   115
       Manifold Assault  |       |       |       |       |       |       |       |       |   761 ||   761
       Vhi's Electric Ch |       |       |       |       |       |       |       |       |     9 ||     9
Invok: Heroism           |       |       |     1 |     8 |    10 |       |       |     1 |     2 ||    22
       Finesse           |       |       |       |       |     4 |     3 |     1 |     7 |     7 ||    22
       Duel              |       |       |       |       |     1 |     1 |       |     1 |       ||     3
       Summon Divine War |       |       |       |       |       |       |       |       |    26 ||    26
       Divine Shield     |       |       |       |       |       |       |       |       |    12 ||    12
       Cleansing Flame   |       |       |       |       |       |       |       |       |     5 ||     5
       Brand Weapon With |       |       |       |       |       |       |       |       |     1 ||     1
 Abil: Evoke Invisibilit |       |       |       |       |       |       |       |       |     1 ||     1
Evoke: Wand              |       |       |       |     2 |     4 |     2 |     3 |     5 |     8 ||    24
       Tin of tremorston |       |       |       |       |     3 |     4 |     8 |     5 |    14 ||    34
       Phial of floods   |       |       |       |       |       |     2 |     1 |       |       ||     3
       Box of beasts     |       |       |       |       |       |       |       |       |    17 ||    17
       Phantom mirror    |       |       |       |       |       |       |       |       |     6 ||     6
  Use: Scroll            |       |     4 |     7 |    12 |     8 |    10 |     4 |     3 |    27 ||    75
       Potion            |       |     2 |     4 |     7 |     1 |     1 |     1 |     4 |    26 ||    46
 Stab: Sleeping          |       |       |       |     1 |     1 |       |       |       |       ||     2
       Paralysed         |       |       |       |     1 |       |       |       |       |       ||     1
       Invisible         |       |       |       |       |       |     7 |       |       |     8 ||    15
       Distracted        |       |       |       |       |       |     1 |       |     3 |       ||     4
       Petrifying        |       |       |       |       |       |       |     2 |       |       ||     2
       Petrified         |       |       |       |       |       |       |     1 |       |       ||     1
       Held in net/web   |       |       |       |       |       |       |       |       |     2 ||     2
Armor: Scale mail        |    59 |    85 |   181 |    17 |       |       |       |       |       ||   342
       Skin              |       |       |     7 |    18 |       |       |       |       |       ||    25
       Quicksilver drago |       |       |       |   269 |   426 |       |       |       |       ||   695
       Chain mail        |       |       |       |    22 |       |       |       |       |       ||    22
       Acid dragon scale |       |       |       |     2 |       |       |       |       |       ||     2
       Plate armour      |       |       |       |       |    54 |   662 |   569 |   509 |  1165 ||  2959
       Gold dragon scale |       |       |       |       |       |       |       |       |  1093 ||  1093
Dodge: Dodged            |    61 |    92 |   133 |   249 |   380 |   393 |   424 |   423 |  1875 ||  4030
       Repelled          |       |       |       |       |       |     5 |    17 |    25 |    69 ||   116
Block: Kite shield       |       |       |       |   189 |   568 |  1234 |  1109 |   403 |       ||  3503
       Reflection        |       |       |       |       |    12 |    46 |    93 |    21 |       ||   172
       Tower shield      |       |       |       |       |       |       |       |   890 |  8142 ||  9032

Table legend: (Time is in decaauts)
 A = Elapsed time spent in this place.
 B = Non-inter-level travel time spent in this place.
 C = Inter-level travel time spent in this place.
 D = Time resting spent in this place.
 E = Time spent auto-exploring this place.
 F = Levels seen in this place.
 G = Mean time per level.
                   A        B        C        D        E       F      G
               +--------+--------+--------+--------+--------+-----+--------+
         Total | 126829 | 109693 |  17136 |  27201 |  49395 | 118 | 1074.8 |
       Dungeon |  23878 |  18783 |   5095 |   5959 |   8333 |  15 | 1591.9 |
        Temple |    265 |    149 |    116 |      0 |    140 |   1 |  265.0 |
          Lair |  12541 |  10391 |   2150 |   4095 |   3801 |   5 | 2508.2 |
        Shoals |   4330 |   3979 |    351 |    606 |   2261 |   4 | 1082.5 |
   Spider Nest |   6458 |   6057 |    401 |   1743 |   2544 |   4 | 1614.5 |
    Slime Pits |   2759 |   2583 |    176 |   1391 |    429 |   5 |  551.8 |
  Orcish Mines |   3497 |   2692 |    805 |   1117 |    970 |   2 | 1748.5 |
   Elven Halls |   4965 |   3626 |   1339 |    372 |   2054 |   3 | 1655.0 |
        Vaults |   7851 |   6397 |   1454 |    679 |   3637 |   5 | 1570.2 |
         Crypt |   4036 |   3456 |    580 |    217 |   2462 |   3 | 1345.3 |
          Tomb |   3349 |   3127 |    222 |    499 |   1773 |   3 | 1116.3 |
        Depths |  10259 |   8302 |   1957 |   2654 |   3658 |   4 | 2564.8 |
          Hell |   1129 |    865 |    264 |      0 |    513 |   1 | 1129.0 |
           Dis |   5301 |   5160 |    141 |   1275 |   2293 |   6 |  883.5 |
       Gehenna |   4567 |   4318 |    249 |    491 |   2584 |   7 |  652.4 |
       Cocytus |   2602 |   2375 |    227 |    267 |   1297 |   6 |  433.7 |
      Tartarus |   3604 |   3231 |    373 |      7 |   2331 |   7 |  514.9 |
           Zot |  10487 |   9256 |   1231 |   3506 |   3438 |   5 | 2097.4 |
         Abyss |   1436 |   1436 |      0 |     85 |    184 |   8 |  179.5 |
   Pandemonium |  11988 |  11988 |      0 |   1981 |   4239 |  17 |  705.2 |
         Trove |     34 |     34 |      0 |      0 |      0 |   1 |   34.0 |
         Sewer |    261 |    261 |      0 |     81 |     20 |   1 |  261.0 |
       Ossuary |    410 |    410 |      0 |     80 |    160 |   1 |  410.0 |
    Desolation |    731 |    731 |      0 |     53 |    273 |   1 |  731.0 |
         Arena |     82 |     82 |      0 |     38 |      0 |   3 |   27.3 |
               +--------+--------+--------+--------+--------+-----+--------+

Top non-repeatable levels by time:
Depths:4: 4616 daAuts
  Lair:3: 3891 daAuts
   Zot:5: 3673 daAuts
   Dis:7: 3433 daAuts
  Lair:5: 3148 daAuts
    D:11: 2456 daAuts
Spider:4: 2308 daAuts
   Zot:1: 2270 daAuts
   Zot:2: 2266 daAuts
    D:10: 2232 daAuts
Depths:2: 2095 daAuts
    D:12: 2095 daAuts
   Geh:7: 2091 daAuts
  Lair:4: 2069 daAuts
  Lair:2: 2040 daAuts
